 Dungeon Crawl Stone Soup version 0.30.0 (webtiles) character file.

Game seed: 3159707615525449772

15171520 Wizard1ke the Unflinching (level 27, 199/199 HPs)
             Began as a Gargoyle Enchanter on Nov 12, 2023.
             Was a Believer of the Shining One.
             Escaped with the Orb
             ... and 15 runes on Nov 13, 2023!
             The game lasted 05:13:29 (103413 turns).

Wizard1ke the Unflinching (Gargoyle Enchanter)    Turns: 103413, Time: 05:13:29

Health: 199/199    AC: 77    Str: 16    XL:     27
Magic:  5/31       EV: 18    Int: 16    God:    the Shining One [**....]
Gold:   10180      SH: 32    Dex: 35    Spells: 16/30 levels left

rFire   + . .        T - +9 eudemon blade (holy)
rCold   + + +        V - +1 tower shield {rC+ rF+}
rNeg    + + .        q - +12 crystal plate armour
rPois   ∞            D - +2 helmet {Int+3}
rElec   +            g - +0 cloak {rCorr}
rCorr   +            h - +2 pair of gloves of Sif Muna's Generosity {rF+}
SInv    .            P - +1 pair of boots "Ceneu" {rC++ MP-9 Dex+3}
Will    +++..        r - dreamshard necklace {*Dream Drain} Stlth
                     H - ring "Xenigiem" {rF- Will+ rCorr Int-3 Dex+6}
HPRegen 0.53/turn    p - ring of Zaezuejo {rC++ Dex+6}
MPRegen 0.22/turn

%: no passive effects
@: flying, glowing, studying Polearms
A: sickness immunity, AC +20, big wings, negative energy resistance 1,
electricity resistance, torment resistance 1, petrification resistance, mutation
resistance 1, MP-powered wands
0: Orb of Zot
}: 15/15 runes: decaying, slimy, silver, golden, iron, obsidian, icy, bone,
abyssal, demonic, glowing, magical, fiery, dark, gossamer
a: Renounce Religion, Divine Shield


You escaped.
You worshipped the Shining One.
The Shining One was pleased with you.
You visited 18 branches of the dungeon, and saw 88 of its levels.
You visited Pandemonium 3 times, and saw 17 of its levels.
You visited the Abyss 2 times.
You also visited: Ossuary, Volcano, Wizlab and Desolation.

You collected 17100 gold pieces.
You spent 6871 gold pieces at shops.
You donated 49 gold pieces to Zin.

Inventory:

Hand Weapons
 T - a +9 eudemon blade of holy wrath (weapon)
Missiles
 i - 44 boomerangs
 w - 20 javelins
 I - 19 curare-tipped darts
 Z - 6 throwing nets
Armour
 g - a +0 cloak of preservation (worn)
 h - the +2 pair of gloves of Sif Muna's Generosity (worn) {rF+}
   (You found it on level 2 of the Depths)

   rF:        It protects you from fire.
 q - a +12 crystal plate armour (worn)
 D - a +2 helmet of intelligence (worn)
 P - the +1 pair of boots "Ceneu" (worn) {rC++ MP-9 Dex+3}
   (You found it in the Desolation of Salt)

   Dex:       It affects your dexterity (+3).
   rC:        It greatly protects you from cold.
   MP:        It affects your magic capacity (-9).
 V - a +1 tower shield of resistance (worn)
Jewellery
 m - an amulet of faith
 p - the ring of Zaezuejo (right hand) {rC++ Dex+6}
   (You bought it in a shop on level 2 of the Orcish Mines)

   [ring of dexterity]

   Dex:       It affects your dexterity (+6).
   rC:        It greatly protects you from cold.
 r - the dreamshard necklace (around neck) {*Dream Drain}
   (You found it on level 4 of the Vaults)

   [amulet of nothing]

   *Dream:    It shatters if its wearer takes lethal or near-lethal damage,
   preventing the blow and releasing protective dreams that heal and fight for
   the wearer.
   Drain:     It drains your maximum health when unequipped.
 y - the ring of Afeskuij {Fly Will+++ Str-4 Int+6}
   (You bought it in a shop on level 3 of the Depths)

   [ring of intelligence]

   Str:       It affects your strength (-4).
   Int:       It affects your intelligence (+6).
   Fly:       It grants you flight.
   Will:      It greatly increases your willpower.
 H - the ring "Xenigiem" (left hand) {rF- Will+ rCorr Int-3 Dex+6}
   (You found it on level 3 of the Tomb of the Ancients)

   [ring of willpower]

   Int:       It affects your intelligence (-3).
   Dex:       It affects your dexterity (+6).
   rF:        It makes you vulnerable to fire.
   rCorr:     It protects you from acid and corrosion.
   Will:      It increases your willpower.
 O - the amulet of Yjesa {rF+ Regen+ Stlth+}
   (You found it on level 3 of the Elven Halls)

   [amulet of regeneration]

   rF:        It protects you from fire.
   Regen:     It increases your rate of health regeneration.
   Stlth:     It makes you more stealthy.
 R - the ring of Ytyn {rF- Str+4 Dex+6 Slay+3}
   (You found it in the Desolation of Salt)

   [ring of dexterity]

   Str:       It affects your strength (+4).
   Dex:       It affects your dexterity (+6).
   Slay:      It affects your accuracy & damage with ranged weapons and melee
   (+3).
   rF:        It makes you vulnerable to fire.
 S - the ring of Viegaf {Wiz rC- Dex+6}
   (You found it on level 2 of the Lair of Beasts)

   [ring of wizardry]

   It improves your spell success rate.
   Dex:       It affects your dexterity (+6).
   rC:        It makes you vulnerable to cold.
Wands
 a - a wand of light (36)
 b - a wand of mindburst (45)
 v - a wand of roots (86)
 W - a wand of digging (15)
Scrolls
 e - 8 scrolls of fear
 l - 9 scrolls of vulnerability
 n - 11 scrolls of immolation
 s - 11 scrolls of fog
 E - 14 scrolls of magic mapping
 G - 11 scrolls of teleportation
 J - 4 scrolls of silence {!r}
 Q - 5 scrolls of butterflies
 U - 9 scrolls of poison
 X - 6 scrolls of blinking
Potions
 d - 16 potions of attraction
 f - 6 potions of resistance
 k - 32 potions of curing
 o - 3 potions of mutation
 t - a potion of berserk rage {!q}
 u - 2 potions of cancellation
 x - 8 potions of lignification
 z - 2 potions of brilliance
 A - a potion of magic
 C - 6 potions of heal wounds
 K - 9 potions of haste
 M - a potion of ambrosia
 N - 9 potions of might
Miscellaneous
 c - a box of beasts
 j - a condenser vane
 B - a phial of floods
 F - a lightning rod (4/4)
 L - a phantom mirror
 Y - a figurine of a ziggurat


   Skills:
 O Level 27 Fighting
 - Level 0.8(13.1) Short Blades
 - Level 19.9(20.0) Long Blades
 O Level 27 Armour
 + Level 21.7 Dodging
 - Level 3.2 Stealth
 O Level 27 Shields
 - Level 2.0 Spellcasting
 - Level 2.6 Hexes
 - Level 20.0 Translocations
 - Level 10.0 Air Magic
 O Level 27 Invocations
 - Level 14.0 Evocations


You had 16 spell levels left.
You knew the following spells:

 Your Spells              Type           Power      Damage    Failure   Level
a - Ensorcelled Hibernat  Hex/Ice        10%        N/A       97%         2
b - Apportation           Tloc           100%       N/A       1%          1
c - Manifold Assault      Tloc           60%        N/A       1%          4
d - Vhi's Electric Charg  Tloc/Air       98%        N/A       2%          3
e - Passage of Golubria   Tloc           60%        N/A       1%          4

Your spell library contained the following spells:

 Spells                   Type           Power      Damage    Failure   Level
 Lesser Beckoning         Tloc           100%       N/A       1%          2
 Gell's Gravitas          Tloc           60%        N/A       1%          3
 Teleport Other           Tloc           60%        N/A       1%          3
 Portal Projectile        Hex/Tloc       74%        N/A       11%         3
 Dispersal                Tloc           30%        N/A       16%         6
 Iskenderun's Mystic Bla  Conj/Tloc      33%        2d8       52%         4
 Poisonous Vapours        Pois/Air       34%        N/A       56%         2
 Static Discharge         Conj/Air       34%        2-4/arc   56%         2
 Summon Forest            Summ/Tloc      16%        N/A       86%         5
 Mephitic Cloud           Conj/Pois/Air  12%        N/A       96%         3
 Beastly Appendage        Tmut           2%         N/A       98%         1
 Foxfire                  Conj/Fire      4%         2x1d4     98%         1
 Freeze                   Ice            4%         1d3       98%         1
 Magic Dart               Conj           4%         1d3       98%         1
 Necrotise                Necr           4%         1d4       98%         1
 Sandblast                Erth           2%         2d4       98%         1
 Sting                    Tmut/Pois      4%         1d3       98%         1
 Summon Small Mammal      Summ           4%         N/A       98%         1
 Confusing Touch          Hex            10%        N/A       98%         3
 Tukima's Dance           Hex            10%        N/A       98%         3
 Call Imp                 Summ           2%         N/A       99%         2
 Passwall                 Tmut/Erth      0%         N/A       99%         2
 Searing Ray              Conj           2%         2d4       99%         2
 Wereblood                Tmut           1%         N/A       99%         2
 Dazzling Flash           Conj/Hex       10%        N/A       99%         3
 Inner Flame              Hex/Fire       5%         N/A       99%         3
 Summon Guardian Golem    Hex/Summ       5%         N/A       99%         3
 Summon Lightning Spire   Summ/Air       17%        N/A       99%         4
 Call Canine Familiar     Summ           1%         N/A       100%        3
 Frozen Ramparts          Ice            2%         1d1       100%        3
 Hailstorm                Conj/Ice       1%         3d3       100%        3
 Ignite Poison            Fire/Tmut/Pois 1%         N/A       100%        3
 Ozocubu's Armour         Ice            1%         N/A       100%        3
 Spider Form              Tmut/Pois      1%         N/A       100%        3
 Stone Arrow              Conj/Erth      2%         3d7       100%        3
 Vampiric Draining        Necr           1%         2d6       100%        3
 Anguish                  Hex/Necr       2%         N/A       100%        4
 Animate Armour           Summ/Erth      2%         N/A       100%        4
 Animate Dead             Necr           1%         N/A       100%        4
 Dispel Undead            Necr           1%         3d6       100%        4
 Flame Wave               Conj/Fire      1%         2d4       100%        4
 Fulminant Prism          Conj/Hex       2%         3d5       100%        4
 Ice Form                 Ice/Tmut       1%         N/A       100%        4
 Leda's Liquefaction      Hex/Erth       2%         N/A       100%        4
 Olgreb's Toxic Radiance  Pois           1%         N/A       100%        4
 Petrify                  Tmut/Erth      1%         N/A       100%        4
 Sticky Flame             Conj/Fire      1%         2d3       100%        4
 Agony                    Necr           1%         N/A       100%        5
 Alistair's Intoxication  Tmut/Pois      0%         N/A       100%        5
 Arcjolt                  Conj/Air       8%         1d18      100%        5
 Blade Hands              Tmut           0%         N/A       100%        5
 Borgnjor's Vile Clutch   Necr/Erth      0%         N/A       100%        5
 Freezing Cloud           Conj/Ice/Air   6%         6-21      100%        5
 Irradiate                Conj/Tmut      0%         3d11      100%        5
 Iskenderun's Battlesphe  Conj           1%         2d6       100%        5
 Metabolic Englaciation   Hex/Ice        2%         N/A       100%        5
 Summon Mana Viper        Hex/Summ       5%         N/A       100%        5
 Yara's Violent Unravell  Hex/Tmut       2%         3d3       100%        5
 Conjure Ball Lightning   Conj/Air       8%         3x3d6     100%        6
 Death Channel            Necr           0%         N/A       100%        6
 Eringya's Noxious Bog    Tmut/Pois      0%         N/A       100%        6
 Iron Shot                Conj/Erth      0%         9d1       100%        6
 Plasma Beam              Fire/Air       8%         2x1d21    100%        6
 Simulacrum               Ice/Necr       0%         N/A       100%        6
 Summon Cactus Giant      Summ           0%         N/A       100%        6
 Enfeeble                 Hex            5%         N/A       100%        7
 Orb of Destruction       Conj           0%         9d5       100%        7
 Ozocubu's Refrigeration  Ice            0%         4d7       100%        7
 Spellforged Servitor     Conj/Summ      0%         N/A       100%        7
 Discord                  Hex            5%         N/A       100%        8
 Disjunction              Tloc           30%        N/A       100%        8
 Lehudib's Crystal Spear  Conj/Erth      0%         10d2      100%        8
 Chain Lightning          Conj/Air       8%         3d11      100%        9
 Shatter                  Erth           0%         3d5*      100%        9
 Cigotuvi's Dreadful Rot  Necr/Pois/Air  Unusable   N/A       N/A         2
 Sublimation of Blood     Necr           Unusable   N/A       N/A         2

Dungeon Overview and Level Annotations

Branches:
Dungeon (15/15)            Temple (1/1) D:5            Lair (5/5) D:11
  Swamp (4/4) Lair:2       Spider (4/4) Lair:3        Slime (5/5) Lair:4
    Orc (2/2) D:12            Elf (3/3) Orc:2        Vaults (5/5) D:13
  Crypt (3/3) Vaults:3       Tomb (3/3) Crypt:3      Depths (4/4) D:15
   Hell (visited)             Dis (7/7) Hell            Geh (7/7) Hell
    Coc (7/7) Hell            Tar (7/7) Hell            Zot (5/5) Depths:4
Ossuary (visited)         Volcano (visited)          WizLab (visited)
Desolation (visited)

Altars:
Ashenzari
Cheibriados
Dithmenos
Elyvilon
Fedhas
Gozag
Hepliaklqana
Kikubaaqudgha
Makhleb
Nemelex Xobeh
Okawaru
Qazlal
Ru
Sif Muna
Trog
Uskayaw
Vehumet
Wu Jian
Xom
Yredelemnul
Zin
The Shining One
Jiyva

Shops:
D:9 ?   D:13 !   Orc:2 =[(*   Elf:1 :   Vaults:2 :   Vaults:3 ([   Vaults:4 (
Vaults:5 [   Depths:3 =::=

Portals:
Hell: Depths:1 Depths:2 Depths:3 Depths:4
Abyss: Depths:1 Depths:3 Depths:4
Pandemonium: Depths:2 Depths:4
Ziggurat: Depths:4

Annotations:
D:5 1 runed translucent door, exclusion: door, Crazy Yiuf
D:8 4 runed translucent doors, exclusion: 4 doors
D:13 2 transporters, Kosho's ghost, journeyman HOBe
Swamp:2 Roxanne
Vaults:3 1 runed translucent door, exclusion: door, hyperkahler's ghost, veteran MiFi
Vaults:5 !vaults warning
Depths:2 5 transporters


Innate Abilities, Weirdness & Mutations

You are immune to sickness and miasma.
Your stone body is resilient. (AC +20)
You are immune to poison.
Your large and strong wings let you fly.
You resist negative energy. (rN+)
You are resistant to electric shocks. (rElec)
You are resistant to unholy torment.
You are immune to petrification.
You are somewhat resistant to further mutation.
You expend magic power (3 MP) to strengthen your wands.


Message History

You resist.
Activating: Cleansing Flame (0% risk of failure)
Press: ? - help, Dir - look around, f - activate The golden flame engulfs you but does no damage.
Activating: Cleansing Flame (0% risk of failure)
Press: ? - help, Dir - look around, f - activate The golden flame engulfs you but does no damage.
Magic courses through your body.
Activating: Cleansing Flame (0% risk of failure)
Press: ? - help, Dir - look around, f - activate The golden flame engulfs you but does no damage.
You resist.
Activating: Cleansing Flame (0% risk of failure)
Press: ? - help, Dir - look around, f - activate The golden flame engulfs you but does no damage.
You resist.
Activating: Cleansing Flame (0% risk of failure)
Press: ? - help, Dir - look around, f - activate The golden flame engulfs you but does no damage.
Activating: Cleansing Flame (0% risk of failure)
Press: ? - help, Dir - look around, f - activate The golden flame engulfs you but does no damage.
You resist.
Activating: Cleansing Flame (0% risk of failure)
Press: ? - help, Dir - look around, f - activate The golden flame engulfs you but does no damage.
Magic courses through your body.
Activating: Cleansing Flame (0% risk of failure)
Press: ? - help, Dir - look around, f - activate The golden flame engulfs you but does no damage.
You resist.
Activating: Cleansing Flame (0% risk of failure)
Press: ? - help, Dir - look around, f - activate The golden flame engulfs you but does no damage.
Activating: Cleansing Flame (0% risk of failure)
Press: ? - help, Dir - look around, f - activate The golden flame engulfs you but does no damage.
You resist.
You can no longer channel blasts of cleansing flame.
You have escaped!

..(......#.#.#.###.#.#.#..# #...
....####.#.#.#.#@#≈#.#.#.## #.#.
#.#..###.#.#≈#.##1.#.#.#.# #.#.
.........#(#.##...##.#.#.# #...
#....##..#.##.#####.##.#.# ###.
#.#......##.##.....##.##.#######.
.....###..##.#######.##..........
..#.#####..##.....≈.##..#'###.##.
......# #...#########..#....#.###
....#.###.#...........##......#
..).#.....###...###...........#
......##.......## ####'.......#
......##......## ##.......#
......''......# ##....#.#
.##...##.)...## ######.#
......##.....# #.....#
.#######.....# #†###'###


You could see an Executioner.

Vanquished Creatures
  Cerebov (Pan)
  Antaeus (Coc:7)
  Ereshkigal (Tar:7)
  the Royal Jelly (Slime:5)
  Gloorx Vloq (Pan)
  Dissolution (Slime:2)
  the Serpent of Hell (Geh:7)
  Dispater (Dis:7)
  7 dread liches
  6 orbs of fire (Zot:5)
  5 ancient liches
  Mara (Spider:3)
  3 juggernauts (Dis:7)
  Sojobo (Depths:3)
  Josephina (Depths:2)
  30 royal mummies
  Parghit (Depths:3)
  Vv (Zot:3)
  2 Killer Klowns
  Bai Suzhen (Swamp:2)
  Margery (Depths:3)
  3 curse toes
  17 caustic shrikes
  10 shard shrikes
  Geryon (Hell)
  10 golden dragons
  17 bone dragons
  6 profane servitors
  17 doom hounds
  Nikola (Spider:3)
  13 Tzitzimimeh
  The ghost of Caterwaul the Spry, an adept MfMo of the Shining One (Depths:2)
  4 hellephants
  4 iron giants
  Cloud Mage (WizLab)
  12 Brimstone Fiends
  Mlioglotl (Spider:3)
  Zenata (Vaults:4)
  Rupert (D:13)
  17 tentacled monstrosities
  15 liches
  3 electric golems
  13 Ice Fiends
  23 Orb Guardians
  19 acid blobs
  11 deep elf master archers
  15 tainted leviathans
  6 quicksilver dragons
  10 deep elf blademasters
  18 titans
  11 Hell Sentinels
  17 searing wretches
  44 ancient champions
  7 sphinxes
  15 Executioners
  Frances (Elf:1)
  6 death cobs
  4 tentacled starspawn (Abyss:4)
  Agnes (D:14)
  6 tengu reavers
  2 thorn hunters (Swamp:4)
  4 revenants
  21 storm dragons
  6 shadow dragons
  A demonspawn warmonger (Pan)
  27 fire giants
  A daeva (Abyss:3)
  17 azure jellies
  A fenstrider witch (Swamp:2)
  15 rockslimes
  6 draconian monks
  23 frost giants
  7 quicksilver elementals
  10 draconian knights
  An imperial myrmidon (Desolation)
  39 balrugs
  12 narguns
  25 vault wardens
  5 draconian stormcallers
  9 deep elf sorcerers
  7 iron dragons
  7 shard shrike simulacra
  10 emperor scorpions
  9 draconian scorchers
  7 ghost moths
  5 ghouls
  4 pandemonium lords
  5 curse skulls
  8 draconian shifters
  7 spriggan defenders
  4 deep elf elementalists (Elf:3)
  21 reapers
  30 stone giants
  17 ironbound preservers
  3 broodmothers
  7 demonspawn corrupters
  19 draconian annihilators
  7 demonspawn blood saints (Pan)
  A caustic shrike skeleton (Crypt:1)
  A rockslime zombie (Crypt:3)
  41 very ugly things
  19 cacodemons
  35 war gargoyles
  7 vampire knights
  2 orc warlords
  17 green draconians
  A hydra skeleton (Swamp:4)
  16 bennus
  10 quicksilver oozes
  A halazid warlock (Desolation)
  8 deep elf demonologists
  5 demonspawn black suns (Pan)
  2 eleionomae (Swamp:3)
  8 ironbound thunderhulks
  11 lorocyprocas
  9 putrid mouths
  21 red draconians
  11 elemental wellsprings
  A spectral titan (Tar:2)
  Azrael (Spider:3)
  17 black draconians
  4 bunyips
  12 spark wasps
  18 white draconians
  6 dire elephants
  13 wendigos
  36 yellow draconians
  16 deep elf annihilators
  Snorg (Orc:2)
  20 blizzard demons
  11 purple draconians
  14 iron golems
  11 ettins
  11 green deaths
  13 eidola
  4 crystal guardians (Desolation)
  15 mummy priests
  A spectral quicksilver dragon (Tar:1)
  10 fire dragons
  11 deep elf death magi
  4 jiangshi
  A spectral iron giant (Tar:1)
  12 deep elf high priests
  5 hell beasts
  17 yaktaur captains
  3 spectral spriggans
  4 shambling mangroves
  6 caustic shrike simulacra
  9 ragged hierophants (Desolation)
  21 hydras
  9 great orbs of eyes
  A quicksilver dragon skeleton (Vaults:1)
  13 rakshasas
  17 ice dragons
  6 salamander tyrants
  2 ogre magi (D:15)
  7 servants of whispers (Desolation)
  5 entropy weavers
  3 ironbound frosthearts
  35 vault guards
  Erolcha (D:11)
  A radroach (Spider:2)
  A fenstrider witch zombie (Crypt:1)
  6 juggernaut simulacra
  8 peacekeepers
  2 catoblepae (Lair:5)
  4 ghost crabs
  A spriggan skeleton (Crypt:3)
  5 centaur warriors
  4 jorogumos
  12 stokers
  An anaconda (shapeshifter) (Depths:3)
  A fenstrider witch skeleton (Pan)
  10 spriggan air magi
  Erica (Lair:2)
  27 dancing weapons
  9 two-headed ogres
  10 boulder beetles
  8 death yaks
  34 death scarabs
  3 tengu warriors
  41 hell hogs
  4 deep troll shamans
  6 vampire magi
  11 alligators
  A spectral dire elephant (Tar:2)
  7 deep troll earth magi
  12 hell knights
  8 thrashing horrors
  2 orc high priests (Orc:2)
  A titan zombie (Hell)
  10 crystal echidnas
  29 deep elf knights
  3 shock serpents (WizLab)
  2 spectral storm dragons (Tar:1)
  6 holy swine (Pan)
  6 iron trolls
  9 spriggan berserkers
  Urug (D:13)
  49 sun demons
  3 salamander mystics (Depths:3)
  Sonja (Orc:1)
  18 shadow wraiths
  21 soul eaters
  A titan skeleton (Pan)
  A bunyip zombie (Crypt:2)
  28 skeletal warriors
  A spectral anaconda (Tar:2)
  6 goliath frogs
  15 sixfirhies
  3 death drakes (WizLab)
  8 flayed ghosts
  2 quicksilver dragon simulacra (Coc:4)
  7 glowing orange brains
  21 shadow demons
  47 deep trolls
  6 bog bodies
  4 pharaoh ants
  3 spectral hydras (Swamp:4)
  8 orb spiders
  16 deep elf archers
  3 lindwurms
  7 spriggan druids
  2 bunyip skeletons (Pan)
  19 ironbound convokers
  6 steelbarb worms
  8 swamp dragons
  24 deep elf zephyrmancers
  12 phantasmal warriors
  13 necromancers
  14 harpies
  33 deep elf pyromancers
  A broodmother zombie (Crypt:1)
  2 orc knights
  An orange crystal statue (Spider:2)
  3 orc sorcerers
  10 wizards
  A golden dragon skeleton (Vaults:1)
  13 wolf spiders
  53 ugly things
  A will-o-the-wisp (Swamp:3)
  2 stone giant zombies
  8 salamanders
  6 oklob plants
  7 shining eyes
  A faun (shapeshifter) (Abyss:4)
  5 cyclopes
  30 moths of wrath
  A spectral centaur (Tar:2)
  4 manticores
  43 smoke demons
  A fire giant skeleton (Vaults:1)
  A dire elephant zombie (Crypt:1)
  8 black mambas
  17 demonic crawlers
  5 apocalypse crabs
  8 elephants
  5 toenail golems (Volcano)
  2 guardian serpents
  7 rust devils
  20 vault sentinels
  5 molten gargoyles (Hell)
  22 orange demons
  6 eyes of devastation
  2 ice statues (Coc:6)
  An elephant slug zombie (Crypt:1)
  23 hellions
  2 kobold demonologists
  2 titan simulacra
  4 torpor snails
  15 cane toads
  An alligator snapping turtle skeleton (Crypt:2)
  14 freezing wraiths
  6 efreet
  An orb spider zombie (Crypt:2)
  8 komodo dragons
  2 unseen horrors (Depths:4)
  A sea snake zombie (Crypt:1)
  68 yaktaurs
  A bunyip simulacrum (Coc:2)
  2 yaktaur zombies
  A black draconian zombie (Crypt:2)
  4 ice devils
  34 tormentors
  5 anaconda simulacra
  8 rime drakes
  A minotaur zombie (Crypt:1)
  2 ancient zymes (Abyss:4)
  A yaktaur (shapeshifter) (D:13)
  A golden dragon simulacrum (Coc:6)
  7 red devils (Pan)
  8 trolls
  2 spectral nagas
  An iron giant simulacrum (Coc:6)
  2 harpy zombies
  A hydra zombie (Swamp:4)
  42 guardian mummies
  A queen bee (shapeshifter) (Vaults:5)
  An iron troll skeleton (Crypt:2)
  14 wind drakes
  3 silent spectres
  A meliai (shapeshifter) (Abyss:4)
  6 meliai
  3 spectral harpies
  10 tyrant leeches
  20 hornets
  An alligator zombie (Crypt:1)
  13 tarantellas
  A tyrant leech (shapeshifter) (Vaults:5)
  A polar bear (Lair:3)
  3 harpy skeletons
  24 hellwings
  14 raiju
  11 blink frogs
  2 ettin zombies
  An ice dragon zombie (Tomb:1)
  56 saltlings (Desolation)
  2 stone giant simulacra (Coc:2)
  2 death drake skeletons
  2 iron dragon simulacra
  25 jumping spiders
  A culicivora zombie (Crypt:2)
  A fire giant simulacrum (Depths:2)
  A frost giant simulacrum (Depths:2)
  A black mamba zombie (Crypt:1)
  A radroach zombie (Crypt:3)
  13 air elementals
  59 large abominations
  101 slime creatures
  23 ynoxinuls
  Sigmund (D:5)
  16 culicivoras
  10 flying skulls
  A centaur simulacrum (D:12)
  6 water elementals
  An ettin skeleton (Crypt:3)
  A dire elephant simulacrum (Coc:7)
  16 ushabtiu
  An ice dragon skeleton (Crypt:2)
  18 spriggans
  4 wraiths
  4 vampires
  7 fire elementals
  16 humans (D:13)
  6 wyverns
  18 small abominations
  A fire bat (shapeshifter) (Elf:1)
  34 yaks
  3 spriggan simulacra
  4 golden eyes
  6 basilisks
  14 chaos spawn
  Grum (D:8)
  17 vampire mosquitoes
  6 neqoxecs
  A redback (shapeshifter) (Depths:3)
  3 steam dragons
  48 redbacks
  An acid dragon (D:11)
  20 swamp worms
  5 wargs
  14 harpy simulacra
  A water moccasin (shapeshifter) (Vaults:5)
  18 water moccasins
  A cane toad zombie (Crypt:1)
  4 hydra simulacra
  37 orc warriors
  A two-headed ogre skeleton (Crypt:1)
  3 hell hounds
  A floating eye (Abyss:4)
  An ice beast (D:6)
  2 naga skeletons
  A swamp dragon zombie (Swamp:4)
  6 swamp drakes (Swamp:4)
  A sky beast (D:7)
  7 black bears
  A manticore zombie (Crypt:2)
  A boggart (Vaults:2)
  2 ettin simulacra
  10 ogres
  A human skeleton (Vaults:2)
  2 swamp dragon skeletons (Swamp:4)
  34 wolves
  9 centaurs
  A rime drake zombie (Crypt:2)
  2 kobold brigands
  A salamander zombie (Crypt:2)
  11 bullfrogs
  3 earth elementals
  A glowing shapeshifter simulacrum (Depths:2)
  A gnoll sergeant (D:6)
  3 naga simulacra
  2 scorpions (Lair:3)
  6 wights
  2 human simulacra
  7 killer bees
  A shapeshifter skeleton (Crypt:3)
  8 electric eels
  3 howler monkeys
  5 crimson imps
  A black bear zombie (Crypt:3)
  A human zombie (Crypt:1)
  2 centaur zombies
  A gnoll bouda (D:6)
  24 jellies
  14 orc priests
  3 hounds
  A sleepcap (D:5)
  Jessica (D:2)
  4 iguanas
  30 orc wizards
  A killer bee zombie (Crypt:3)
  45 mummies
  Robin (D:1)
  12 gnolls
  11 adders
  A swamp drake zombie (Crypt:3)
  5 white imps
  A worm zombie (Crypt:3)
  A worm (Lair:3)
  4 dart slugs
  109 orcs
  4 bats
  A bat skeleton (Crypt:1)
  6 endoplasms
  6 giant cockroaches
  12 goblins
  7 hobgoblins
  A jackal (D:3)
  8 quokkas
  6 ball pythons
  A ball python skeleton (Crypt:2)
  A ball python zombie (Crypt:2)
  2 frilled lizards (D:1)
  3 gnoll zombies (Ossuary)
  2 goblin zombies (Ossuary)
  5 hobgoblin zombies
  12 kobolds
  A kobold skeleton (Crypt:3)
  5 orc zombies
  4 rats
  A block of ice (Pan)
  A briar patch (Swamp:4)
  5 creeping infernos
  20 fire vortices
  4 starspawn tentacles (Abyss:4)
4115 creatures vanquished.

Vanquished Creatures (collateral kills)
  Asmodeus (Geh:7)
  Mnoleg (Pan)
  A pandemonium lord (Pan)
  3 bone dragons (Tar:7)
  6 Tzitzimimeh
  3 Brimstone Fiends
  A tentacled monstrosity (Pan)
  A tainted leviathan (Tar:7)
  A searing wretch (Geh:7)
  A balrug (Geh:7)
  6 cacodemons (Pan)
  A demonspawn blood saint (Pan)
  A demonspawn corrupter (Pan)
  2 reapers (Tar:7)
  A lorocyproca (Pan)
  A putrid mouth (Tar:7)
  A blizzard demon (Pan)
  A stoker (Geh:7)
  A sixfirhy (Pan)
  A soul eater (Pan)
  A shadow wraith (Tar:7)
  2 sun demons (Pan)
  2 shadow demons (Pan)
  2 demonic crawlers (Pan)
  2 smoke demons (Pan)
  A hellion (Pan)
  A centaur skeleton (Pan)
  3 orange demons (Pan)
  2 tormentors (Pan)
  A raiju (Abyss:3)
  A flying skull (Abyss:3)
  A ynoxinul (Abyss:3)
  2 chaos spawn (Pan)
  14 neqoxecs (Pan)
  3 large abominations (Pan)
  A crimson imp (Pan)
  4 fire vortices (Geh:7)
  A starspawn tentacle (Abyss:3)
79 creatures vanquished.

Vanquished Creatures (others)
  A pandemonium lord (Pan)
  A titan (Pan)
  2 fire giants
  A draconian knight (Zot:3)
  2 shard shrike simulacra (Coc:7)
  An elemental wellspring (Coc:3)
  A caustic shrike simulacrum (Coc:7)
  3 juggernaut simulacra
  A dancing weapon (Elf:2)
  A sun demon (Pan)
  A spriggan simulacrum (Coc:6)
  A deep elf zephyrmancer (Elf:3)
  An elf skeleton (Vaults:2)
  A guardian mummy (Tomb:1)
  A red devil (Pan)
  2 bloated husks
  4 wind drakes (Pan)
  A tarantella (Spider:3)
  A spriggan (Swamp:2)
  A naga simulacrum (Coc:7)
  2 culicivoras (Spider:3)
  2 vampire mosquitoes (Swamp:1)
  A redback (Spider:4)
  2 harpy simulacra (Coc:3)
  2 ettin simulacra
  An electric eel (Lair:2)
  2 orc wizards
  3 orcs (Elf:1)
  6 ball lightnings (Pan)
  2 blocks of ice (Pan)
  2 fire vortices
  16 foxfires (Swamp:3)
  18 fungi
  54 plants
  8 starspawn tentacles (Abyss:4)
149 creatures vanquished.

Grand Total: 4343 creatures vanquished

Notes
Turn   | Place    | Note
-------+----------+-------------------------------------------
     0 | D:1      | Wizard1ke the Gargoyle Enchanter began the quest for the
                  | Orb.
     0 | D:1      | Reached XP level 1. HP: 10/10 MP: 3/3
   123 | D:1      | Reached skill level 1 in Fighting
   185 | D:1      | Reached XP level 2. HP: 17/17 MP: 5/5
   456 | D:1      | Learned a level 2 spell: Ensorcelled Hibernation
   789 | D:1      | Reached XP level 3. HP: 22/22 MP: 6/6
   909 | D:2      | Noticed Robin
  1115 | D:1      | Killed Robin
  1219 | D:2      | Found a faded altar of an unknown god.
  1299 | D:2      | Prayed at the altar of an unknown god.
  1299 | D:2      | Became a worshipper of Zin the Law-Giver
  1299 | D:2      | Reached * piety under Zin
  1299 | D:2      | Reached ** piety under Zin
  1386 | D:2      | Identified the amulet "Zigu Tit" {Reflect rC++ Int-4 SH+5
                  | Stlth+}
  1521 | D:2      | Reached XP level 4. HP: 29/29 MP: 7/7
  1547 | D:2      | Reached skill level 1 in Shields
  1568 | D:2      | Noticed Jessica
  1594 | D:2      | Killed Jessica
  1827 | D:3      | Reached XP level 5. HP: 33/34 MP: 8/8
  1922 | D:3      | Identified the +3 trident "Joant" {freeze, rElec rF+ rN+
                  | Str+4}
  2415 | D:4      | Noticed a black bear
  2431 | D:4      | Killed a black bear
  2432 | D:4      | Reached skill level 5 in Fighting
  2432 | D:4      | Reached XP level 6. HP: 28/40 MP: 9/9
  2499 | D:4      | Reached *** piety under Zin
  2564 | D:4      | Found a sand-covered staircase.
  2600 | Ossuary  | Entered an ossuary
  2658 | Ossuary  | Reached skill level 5 in Shields
  2671 | Ossuary  | Reached **** piety under Zin
  2688 | Ossuary  | Reached ***** piety under Zin
  2732 | D:4      | Found a glowing golden altar of the Shining One.
  2769 | D:4      | Fell from the grace of Zin
  2769 | D:4      | Became a worshipper of the Shining One
  2769 | D:4      | Reached * piety under the Shining One
  2769 | D:4      | Reached ** piety under the Shining One
  3130 | D:4      | Found a hide-covered altar of Uskayaw.
  3172 | D:5      | Entered Level 5 of the Dungeon
  3179 | D:5      | Reached XP level 7. HP: 44/44 MP: 10/10
  3201 | D:5      | Reached skill level 1 in Evocations
  3252 | D:5      | Noticed a wyvern
  3266 | D:5      | Killed a wyvern
  3452 | D:5      | Noticed Sigmund
  3487 | D:5      | Found a staircase to the Ecumenical Temple.
  3504 | Temple   | Entered the Ecumenical Temple
  3664 | Temple   | Fell from the grace of the Shining One
  3664 | Temple   | Became a worshipper of Warmaster Okawaru
  3736 | D:5      | Found a runed translucent door.
  3737 | D:5      | Noticed Crazy Yiuf
  3874 | D:5      | Killed Sigmund
  3875 | D:5      | Reached XP level 8. HP: 52/52 MP: 11/11
  4252 | D:6      | Found a broken altar of Ashenzari.
  4362 | D:6      | Reached * piety under Okawaru
  4418 | D:6      | Found a stormy altar of Qazlal.
  4599 | D:6      | Reached skill level 5 in Evocations
  4711 | D:6      | Reached XP level 9. HP: 57/60 MP: 12/12
  4949 | D:7      | Found a glowing silver altar of Zin.
  5218 | D:7      | Noticed a troll
  5433 | D:7      | Reached ** piety under Okawaru
  5471 | D:7      | Noticed a kobold demonologist
  5473 | D:7      | Noticed a rust devil
  5492 | D:6      | Reached skill level 1 in Invocations
  5516 | D:6      | Killed a kobold demonologist
  5551 | D:6      | Killed a troll
  5552 | D:6      | Reached skill level 5 in Invocations
  5770 | D:7      | Reached skill level 1 in Long Blades
  5897 | D:7      | Reached *** piety under Okawaru
  6548 | D:8      | Reached XP level 10. HP: 37/66 MP: 14/14
  6643 | D:8      | Found a huge runed translucent gate.
  6644 | D:8      | Found a huge runed translucent gate.
  6644 | D:8      | Found a huge runed translucent gate.
  6644 | D:8      | Found a huge runed translucent gate.
  6649 | D:8      | Noticed Grum
  6674 | D:8      | Killed Grum
  6930 | D:8      | Reached skill level 5 in Long Blades
  7075 | D:8      | Found a snail-covered altar of Cheibriados.
  7075 | D:8      | Found a blossoming altar of Fedhas.
  7081 | D:8      | Found a faded altar of an unknown god.
  7083 | D:8      | Found a burning altar of Makhleb.
  7085 | D:8      | Found a basalt altar of Yredelemnul.
  7787 | D:9      | Reached **** piety under Okawaru
  7841 | D:9      | Found Hiwka's Magic Scroll Boutique.
  7849 | D:9      | Bought a scroll of enchant armour for 97 gold pieces
  7849 | D:9      | Bought a scroll of blinking for 97 gold pieces
  7849 | D:9      | Bought a scroll of fear for 52 gold pieces
  7849 | D:9      | Bought a scroll of fog for 52 gold pieces
  7849 | D:9      | Bought a scroll of magic mapping for 97 gold pieces
  8325 | D:10     | Entered Level 10 of the Dungeon
  8405 | D:10     | Noticed a two-headed ogre
  8411 | D:10     | Killed a two-headed ogre
  8804 | D:10     | Found a glowing silver altar of Zin.
  8807 | D:10     | Found a shimmering altar of Xom.
  8807 | D:10     | Found an opulent altar of Gozag.
  8809 | D:10     | Found an opulent altar of Gozag.
  8809 | D:10     | Found a shimmering altar of Xom.
  8809 | D:10     | Found a broken altar of Ashenzari.
  9388 | D:11     | Noticed a cyclops
  9392 | D:11     | Noticed Erolcha
  9496 | D:11     | Noticed an elephant
  9538 | D:11     | Found a staircase to the Lair.
  9541 | D:11     | Reached ***** piety under Okawaru
  9542 | D:11     | Reached XP level 11. HP: 67/71 MP: 15/15
  9641 | Lair:1   | Entered Level 1 of the Lair of Beasts
  9844 | Lair:1   | Reached skill level 10 in Long Blades
 10292 | Lair:1   | Received a gift from Okawaru
 11102 | Lair:2   | Received a gift from Okawaru
 11355 | Lair:2   | Noticed a boulder beetle
 11363 | Lair:2   | Killed a boulder beetle
 11364 | Lair:2   | Reached XP level 12. HP: 77/77 MP: 16/16
 11372 | Lair:2   | Noticed Erica
 11383 | Lair:2   | Killed Erica
 11384 | Lair:2   | Reached skill level 10 in Fighting
 11436 | Lair:2   | Found a dark tunnel.
 11441 | Volcano  | Entered a volcano
 11531 | Volcano  | Identified the +3 scale mail of the Skies Above {rPois
                  | Regen+ Int-4 SInv} (Okawaru gifted it to you in a volcano)
 11531 | Volcano  | Received a gift from Okawaru
 11667 | Volcano  | Identified the +0 helmet of Darkness {rC+ Str+3 Stlth+}
 11761 | Abyss:2  | Cast into level 2 of the Abyss (a wizard)
 11766 | Abyss:2  | Noticed a bone dragon
 11807 | Abyss:2  | Noticed a starflower
 11843 | Abyss:2  | Noticed a thrashing horror
 11850 | Abyss:2  | Noticed a bone dragon
 11871 | Volcano  | Escaped the Abyss
 12522 | Lair:2   | Reached skill level 10 in Shields
 12613 | Lair:2   | Found a staircase to the Swamp.
 12830 | Lair:2   | Identified the ring of Viegaf {Wiz rC- Dex+6}
 13194 | Lair:3   | Reached XP level 13. HP: 82/82 MP: 17/17
 13244 | Lair:3   | Found a hole to the Spider Nest.
 14531 | Lair:4   | Reached ****** piety under Okawaru
 14641 | Lair:4   | Identified the +0 robe "Adegeim" {rElec Str+3 Stlth+}
 14768 | Lair:4   | Found a staircase to the Slime Pits.
 14868 | Lair:4   | Received a gift from Okawaru
 14971 | Lair:4   | Identified the +1 robe of Hiag {rCorr}
 15287 | Lair:5   | Entered Level 5 of the Lair of Beasts
 15340 | Lair:5   | Gained mutation: Your large and strong wings let you fly.
                  | [Gargoyle growth]
 15340 | Lair:5   | Reached XP level 14. HP: 65/92 MP: 18/20
 15436 | Lair:5   | Identified the +0 helmet of Okawaru's Inspiration {rC+++
                  | Int+4 Stlth-} (Okawaru gifted it to you on level 5 of the
                  | Lair of Beasts)
 15436 | Lair:5   | Received a gift from Okawaru
 15775 | Lair:5   | Reached skill level 10 in Invocations
 15819 | Lair:5   | Reached skill level 1 in Armour
 16940 | D:11     | Killed Erolcha
 17329 | D:12     | Found a staircase to the Orcish Mines.
 17445 | D:12     | Reached skill level 5 in Armour
 17557 | D:12     | Identified a scroll of acquirement
 17640 | D:12     | Identified the +0 pair of boots of Dawn {rN+++ Str+8
                  | Slay-5} (Okawaru gifted it to you on level 12 of the
                  | Dungeon)
 17640 | D:12     | Received a gift from Okawaru
 18046 | D:13     | Noticed Urug
 18046 | D:13     | Noticed Rupert
 18046 | D:13     | Found a gate to the Vaults.
 18077 | Orc:1    | Entered Level 1 of the Orcish Mines
 18078 | Orc:1    | Noticed Snorg
 18270 | Orc:1    | Noticed an orc warlord
 18311 | Orc:1    | Killed an orc warlord
 18487 | Orc:2    | Entered Level 2 of the Orcish Mines
 18499 | Orc:2    | Reached XP level 15. HP: 99/99 MP: 22/22
 18790 | Orc:2    | Found Tekigi's Assorted Antiques.
 18840 | Orc:2    | Bought a scroll labelled MUTISE TEOCO for 24 gold pieces
 19123 | Orc:2    | Found Tokhluiq's Jewellery Emporium.
 19221 | Orc:2    | Found a staircase to the Elven Halls.
 19411 | Orc:2    | Noticed an orc warlord
 19441 | Orc:2    | Killed an orc warlord
 19588 | Orc:2    | Found Arphibi's Antique Armour Shoppe.
 19592 | Orc:2    | Found Jeclaeb's Antique Weapon Emporium.
 19767 | Orc:2    | Acquired 631 gold pieces
 19861 | Orc:2    | Bought a glowing crystal plate armour for 2158 gold pieces
 19935 | Orc:1    | Noticed Sonja
 19937 | Orc:1    | Killed Sonja
 20117 | Orc:2    | Killed Snorg
 20416 | D:13     | Killed Rupert
 20424 | D:13     | Killed Urug
 20771 | D:13     | Noticed Kosho's ghost (journeyman HOBe)
 20812 | D:13     | Found Boefalaz's Distillery.
 20864 | D:12     | Reached skill level 15 in Fighting
 21035 | D:13     | Found a transporter.
 21035 | D:13     | Found a transporter.
 21299 | D:13     | Identified the +9 whip of Jozow {freeze, Fly rF+ rCorr
                  | Stlth+}
 21490 | D:14     | Noticed Agnes
 21514 | D:14     | Received a gift from Okawaru
 21531 | D:14     | Killed Agnes
 21569 | D:14     | Identified the +0 chain mail of Liace {MP+9 Str+3} (Okawaru
                  | gifted it to you on level 14 of the Dungeon)
 21569 | D:14     | Received a gift from Okawaru
 21570 | D:14     | Reached skill level 10 in Armour
 22320 | D:15     | Entered Level 15 of the Dungeon
 22366 | D:15     | Reached XP level 16. HP: 108/108 MP: 23/23
 22400 | D:15     | Identified the +7 quarterstaff of Towkergh {holy, rF+}
 22750 | D:15     | Found a staircase to the Depths.
 23515 | Swamp:1  | Entered Level 1 of the Swamp
 23834 | Swamp:1  | Received a gift from Okawaru
 24872 | Swamp:2  | Noticed a fenstrider witch
 24876 | Swamp:2  | Paralysed by a fenstrider witch for 3 turns
 24948 | Swamp:2  | Noticed Roxanne
 25129 | Swamp:2  | Killed a fenstrider witch
 26181 | Swamp:3  | Noticed Bai Suzhen
 26223 | Swamp:2  | Killed Bai Suzhen
 26873 | Swamp:3  | Noticed a tentacled monstrosity
 27021 | Swamp:3  | Killed a tentacled monstrosity
 27021 | Swamp:3  | Identified the +4 falchion of the Gloaming {vamp, +Blink
                  | rPois Str+4 Int+3} (Okawaru gifted it to you on level 3 of
                  | the Swamp)
 27021 | Swamp:3  | Received a gift from Okawaru
 27022 | Swamp:3  | Reached XP level 17. HP: 98/113 MP: 25/25
 27527 | Swamp:4  | Entered Level 4 of the Swamp
 28482 | Swamp:4  | Reached skill level 15 in Shields
 28801 | Swamp:4  | Found a blossoming altar of Fedhas.
 29059 | Swamp:4  | Found a basalt altar of Yredelemnul.
 29071 | Swamp:4  | Got a decaying rune of Zot
 29854 | Spider:1 | Entered Level 1 of the Spider Nest
 29872 | Lair:3   | Reached skill level 15 in Long Blades
 29952 | Spider:1 | Identified the +5 kite shield "Heledom" {rF+ Str+3}
                  | (Okawaru gifted it to you on level 1 of the Spider Nest)
 29952 | Spider:1 | Received a gift from Okawaru
 30717 | Spider:1 | Reached XP level 18. HP: 115/122 MP: 27/27
 30907 | Spider:2 | Found a transporter.
 30933 | Spider:2 | Found a transporter.
 32300 | Spider:2 | Got Loicys's Volume of Concussion and Spellbinding
 32307 | Spider:2 | Identified the +1 hat of the Fiddle {rF- Dex+5}
 32426 | Spider:3 | Noticed Mlioglotl
 32450 | Spider:3 | Killed Mlioglotl
 32700 | Spider:3 | Noticed Mara
 32723 | Spider:3 | Noticed Wizard1ke's illusion
 32729 | Spider:3 | Killed Mara
 33056 | Orc:2    | Bought a scroll of enchant weapon for 180 gold pieces
 33125 | Orc:2    | Bought the ring of Zaezuejo {rC++ Dex+6} for 786 gold
                  | pieces
 33383 | Spider:3 | Received a gift from Okawaru
 33408 | Spider:3 | Noticed Nikola
 33457 | Spider:3 | Killed Nikola
 33564 | Spider:3 | Noticed Azrael
 33582 | Spider:3 | Killed Azrael
 33850 | Spider:4 | Entered Level 4 of the Spider Nest
 34711 | Spider:4 | Reached XP level 19. HP: 100/134 MP: 28/28
 34774 | Spider:4 | Got a gossamer rune of Zot
 35285 | Vaults:1 | Entered Level 1 of the Vaults
 35345 | Vaults:1 | You are sucked into a shaft and drop 1 floor!
 35397 | Vaults:2 | Found a crumbling gateway.
 35418 | Desolati | Entered the Desolation of Salt
 35510 | Desolati | Received a gift from Okawaru
 35606 | Desolati | Identified the ring "Idociule" {rC- AC+4 Int+4 Stlth+}
 35613 | Desolati | Identified the amulet of Mysy {Spirit rC+ Will+ rCorr
                  | Int-5}
 35720 | Desolati | Received a gift from Okawaru
 36030 | Desolati | Got Lent's Collected Works on Non-Euclidean Immolation
 36050 | Desolati | Reached skill level 15 in Armour
 36055 | Desolati | Identified the +1 pair of boots "Lotublum" {+Blink rN+
                  | Will+}
 36057 | Desolati | Identified the +1 pair of boots "Ceneu" {rC++ MP-9 Dex+3}
 36066 | Desolati | Got the Anthology of Fascination and Evolution
 36069 | Desolati | Identified the ring of Ytyn {rF- Str+4 Dex+6 Slay+3}
 36357 | Desolati | Identified the amulet "Esaebyi" {Acrobat +Inv rF+++ rCorr
                  | MP-9}
 36370 | Desolati | Got the Guide on Filth
 36603 | Vaults:2 | Found Fodeoman's Book Boutique.
 36671 | Arena    | Entered the Arena
 37493 | Vaults:1 | Identified the +2 ring mail "Syimemuh" {rN++ Dex+3 Stlth+}
                  | (Okawaru gifted it to you on level 1 of the Vaults)
 37493 | Vaults:1 | Received a gift from Okawaru
 37596 | Vaults:1 | Identified the +1 pair of gloves of the Battered Hosts
                  | {*Slow Str+6}
 37826 | Vaults:1 | Reached XP level 20. HP: 137/140 MP: 21/30
 38111 | Orc:2    | Bought a ring of willpower for 325 gold pieces
 38231 | Vaults:1 | Identified the +1 leather armour "Feuplua" {rC- rCorr
                  | Str+3}
 39055 | Vaults:2 | Learned a level 1 spell: Apportation
 39359 | Vaults:2 | Noticed a dread lich
 39375 | Vaults:2 | Killed a dread lich
 39396 | Vaults:2 | Got the Teachings on the Barrage
 40077 | Vaults:3 | Reached skill level 15 in Invocations
 40341 | Vaults:3 | Found a staircase to the Crypt.
 40341 | Vaults:3 | Found a basalt altar of Yredelemnul.
 40342 | Vaults:3 | Found an ancient bone altar of Kikubaaqudgha.
 40372 | Vaults:3 | Identified the +3 trident "Faicsusk" {venom, rElec Will-
                  | rCorr Dex+5}
 40691 | Vaults:3 | Identified the +8 plate armour "Abasar" {+Inv Str+3}
                  | (Okawaru gifted it to you on level 3 of the Vaults)
 40691 | Vaults:3 | Received a gift from Okawaru
 40729 | Vaults:3 | Noticed an ancient lich
 40762 | Vaults:3 | Killed an ancient lich
 40824 | Vaults:3 | Found Oxzimaad's Weapon Boutique.
 40864 | Vaults:3 | Found a runed translucent door.
 40869 | Vaults:3 | Noticed hyperkahler's ghost (veteran MiFi)
 41136 | Vaults:3 | Found Dacal's Armour Boutique.
 41451 | Vaults:3 | Reached XP level 21. HP: 126/146 MP: 23/32
 42193 | Vaults:4 | Received a gift from Okawaru
 42396 | Vaults:4 | Found Ciazxica's Antique Weapon Emporium.
 42693 | Vaults:4 | Noticed Zenata
 42709 | Vaults:4 | Killed Zenata
 43684 | Vaults:4 | Received a gift from Okawaru
 43965 | Vaults:4 | Found the dreamshard necklace {*Dream Drain}
 44077 | Vaults:4 | Identified the +4 quarterstaff of Anxiety {venom, rElec
                  | rCorr Str-2 Dex+8}
 44435 | Elf:1    | Entered Level 1 of the Elven Halls
 44683 | Elf:1    | Paralysed by an air elemental for 1 turns
 44694 | Elf:1    | Paralysed by an air elemental for 1 turns
 44706 | Elf:1    | Identified the +4 hand axe of Uvorin {antimagic, rElec rF+}
 44718 | Elf:1    | Paralysed by an air elemental for 1 turns
 45141 | Elf:1    | Reached skill level 5 in Dodging
 45141 | Elf:1    | You are sucked into a shaft and drop 1 floor!
 45159 | Elf:2    | Found a runed translucent gate.
 45159 | Elf:2    | Found a runed translucent gate.
 45160 | Elf:2    | Found a runed translucent gate.
 45245 | Elf:1    | Found Demegej's Tremendous Tomes.
 45327 | Elf:1    | Noticed Frances
 45347 | Elf:1    | Killed Frances
 45568 | Elf:1    | Found a runed translucent gate.
 45568 | Elf:1    | Found a runed translucent gate.
 45568 | Elf:1    | Found a runed translucent gate.
 45568 | Elf:1    | Found a runed translucent gate.
 45568 | Elf:1    | Found a runed translucent gate.
 45572 | Elf:1    | Found a runed translucent gate.
 45720 | Elf:1    | Reached XP level 22. HP: 147/152 MP: 33/33
 45723 | Elf:1    | Got the Compilation of Filth and Evil
 46231 | Elf:2    | Identified the +3 chain mail of Avobu {rElec rF+ SInv}
                  | (Okawaru gifted it to you on level 2 of the Elven Halls)
 46231 | Elf:2    | Received a gift from Okawaru
 46421 | Elf:2    | Paralysed by an air elemental for 1 turns
 47450 | Elf:3    | Entered Level 3 of the Elven Halls
 47691 | Elf:3    | Identified the staff of earth "Metoompaog" {*Slow rC++}
 48349 | Elf:2    | Identified the +0 ring mail of the Sharing Gods {rC+ Will+}
                  | (Okawaru gifted it to you on level 2 of the Elven Halls)
 48349 | Elf:2    | Received a gift from Okawaru
 48552 | Elf:3    | Paralysed by an air elemental for 1 turns
 48565 | Arena    | Entered the Arena
 48596 | Arena    | Entered the Arena
 48623 | Elf:3    | Paralysed by an air elemental for 1 turns
 49514 | Elf:3    | Identified the +7 spear "Kosaom" {freeze, Str+3 Dex+3}
 49529 | Elf:3    | Reached skill level 10 in Dodging
 49594 | Elf:3    | Paralysed by an air elemental for 1 turns
 49710 | Elf:3    | Reached XP level 23. HP: 148/156 MP: 34/34
 49758 | Elf:3    | Identified the +0 leather armour of the Date {+Blink Str-4
                  | Dex+8}
 49920 | Elf:3    | Got the Annotations on the Harmful Ground
 49927 | Elf:3    | Identified the +3 ring mail "Huab" {Str+3 Dex+3}
 49936 | Elf:3    | Identified the amulet of Yjesa {rF+ Regen+ Stlth+}
 49950 | Elf:3    | Identified the staff of conjuration "Xinka" {Str+5}
 49969 | Elf:3    | Identified the staff of fire "Lapun" {*Corrode rPois rF+
                  | rN+}
 49999 | Elf:3    | Identified the +3 shortbow of the Nurturing Gods
                  | {antimagic, rN+}
 50028 | Elf:3    | Identified the staff of conjuration "Fawoall" {rPois rCorr
                  | Int+4}
 50415 | Depths:1 | Entered Level 1 of the Depths
 51448 | Depths:1 | Got Ryhuapn's Parchment of Hypothermia and Terrain
 51543 | Depths:1 | Noticed a golden dragon
 51557 | Depths:1 | Killed a golden dragon
 51923 | Depths:1 | Found a gateway to Hell.
 51943 | Depths:1 | Found a one-way gate to the infinite horrors of the Abyss.
 52071 | Depths:2 | Identified the ring "Ziycson" {Ice SInv}
 52071 | Depths:2 | Noticed Josephina
 52288 | Depths:2 | Killed Josephina
 52348 | Depths:2 | Found a magical portal.
 52357 | WizLab   | Entered The Chambers of the Cloud Mage
 52392 | WizLab   | Paralysed by an air elemental for 1 turns
 52398 | WizLab   | Paralysed by an air elemental for 1 turns
 52476 | WizLab   | Paralysed by an air elemental for 1 turns
 52481 | WizLab   | Paralysed by an air elemental for 1 turns
 52517 | WizLab   | Paralysed by an air elemental for 1 turns
 52522 | WizLab   | Paralysed by an air elemental for 1 turns
 52529 | WizLab   | Paralysed by an air elemental for 1 turns
 52650 | WizLab   | Received a gift from Okawaru
 52690 | WizLab   | Paralysed by an air elemental for 1 turns
 52727 | WizLab   | Paralysed by an air elemental for 1 turns
 52822 | WizLab   | Noticed Xiozeeps
 52859 | WizLab   | Killed Xiozeeps the Cloud Mage
 53013 | WizLab   | Paralysed by an air elemental for 1 turns
 53021 | WizLab   | Got Vauloqos's Handbook of the Storm
 53146 | Depths:2 | Found a runed translucent door.
 53149 | Depths:2 | Found a shimmering altar of Xom.
 53149 | Depths:2 | Noticed Caterwaul's ghost (adept MfMo)
 53242 | Depths:2 | Found a one-way gate leading to the halls of Pandemonium.
 53403 | Depths:2 | Found a transporter.
 53406 | Depths:2 | Found a transporter.
 53419 | Depths:2 | Found a transporter.
 53421 | Depths:2 | Noticed a juggernaut
 53440 | Depths:2 | Found a transporter.
 53451 | Depths:2 | Found the +3 hat of Pondering {ponderous, Will+ MP+10
                  | Int+5}
 53455 | Depths:2 | Found a transporter.
 53608 | Depths:2 | Found a sparkling altar of Nemelex Xobeh.
 53871 | Depths:2 | Killed Caterwaul's ghost
 53873 | Depths:2 | Identified the +2 pair of gloves of Sif Muna's Generosity
                  | {rF+}
 54175 | Depths:3 | Noticed a caustic shrike
 54656 | Depths:3 | Reached XP level 24. HP: 155/166 MP: 26/35
 54661 | Depths:3 | Noticed Sojobo
 54692 | Depths:3 | Killed Sojobo
 54835 | Depths:3 | Gained mutation: Your spells are a little easier to cast,
                  | but a little less powerful. [a shining eye]
 54836 | Depths:3 | Gained mutation: You are clumsy. (Dex -2) [a shining eye]
 54896 | Depths:3 | Killed a caustic shrike
 54907 | Depths:3 | Paralysed by a great orb of eyes for 3 turns
 55221 | Depths:3 | Noticed a caustic shrike
 55234 | Depths:3 | Killed a caustic shrike
 55558 | Depths:3 | Received a gift from Okawaru
 55873 | Depths:3 | Found Cebiepp's Jewellery Shoppe.
 56433 | Depths:3 | Found Bizion's Jewellery Shop.
 56434 | Depths:3 | Found Javo's Book Emporium.
 56434 | Depths:3 | Found Eroross's Book Emporium.
 56481 | Depths:3 | Bought the ring of Afeskuij {Fly Will+++ Str-4 Int+6} for
                  | 1099 gold pieces
 56785 | Vaults:3 | Bought a +2 helmet of intelligence for 430 gold pieces
 57052 | Depths:4 | Entered Level 4 of the Depths
 57333 | Depths:4 | Noticed Parghit
 57644 | Depths:3 | Killed Parghit
 57776 | Depths:4 | Noticed Margery
 57793 | Depths:3 | Killed Margery
 57839 | Depths:4 | Identified the +0 crystal plate armour of Terror {Harm
                  | Rampage Dex-5} (Okawaru gifted it to you on level 4 of the
                  | Depths)
 57839 | Depths:4 | Received a gift from Okawaru
 57885 | Depths:4 | Found Oqixkuam's Magic Scroll Boutique.
 57918 | Depths:4 | Found an opulent altar of Gozag.
 58365 | Depths:4 | Found a gate to the Realm of Zot.
 58463 | Depths:4 | Found a one-way gateway to a ziggurat.
 59132 | Vaults:5 | Entered Level 5 of the Vaults
 59160 | Vaults:5 | Reached XP level 25. HP: 175/175 MP: 24/36
 59561 | Vaults:5 | Noticed an ancient lich
 59577 | Vaults:5 | Killed an ancient lich
 60125 | Vaults:5 | Identified the +11 sling "Meutub" {freeze, rF+ rN+ rCorr
                  | Int-3}
 60607 | Vaults:5 | Noticed a dread lich
 60625 | Vaults:5 | Killed a dread lich
 61030 | Vaults:5 | Received a gift from Okawaru
 61319 | Vaults:5 | Got a silver rune of Zot
 61563 | Vaults:5 | Found Bizion's Antique Armour Shoppe.
 62363 | Zot:1    | Entered Level 1 of the Realm of Zot
 62570 | Zot:1    | Reached XP level 26. HP: 156/184 MP: 23/37
 62873 | Zot:1    | Received a gift from Okawaru
 65234 | D:13     | Bought 2 potions of invisibility for 224 gold pieces
 65234 | D:13     | Bought a potion of cancellation for 112 gold pieces
 65234 | D:13     | Bought a potion of heal wounds for 70 gold pieces
 65234 | D:13     | Bought a potion of might for 56 gold pieces
 65234 | D:13     | Bought a potion of lignification for 42 gold pieces
 65234 | D:13     | Bought a potion of might for 56 gold pieces
 65347 | D:9      | Bought 3 scrolls of silence for 370 gold pieces
 66011 | Zot:2    | Received a gift from Okawaru
 67248 | Zot:2    | Identified the +6 scimitar "Dehoh" {heavy, Dex+2} (Okawaru
                  | gifted it to you on level 2 of the Realm of Zot)
 67248 | Zot:2    | Received a gift from Okawaru
 67935 | Zot:2    | You are sucked into a shaft and drop 1 floor!
 68355 | Zot:3    | Reached XP level 27. HP: 187/193 MP: 29/38
 68821 | Zot:3    | Received a gift from Okawaru
 69668 | Zot:4    | Identified the +1 chain mail "Agaon" {*Slow Dex+6 SInv}
                  | (Okawaru gifted it to you on level 4 of the Realm of Zot)
 69668 | Zot:4    | Received a gift from Okawaru
 69866 | Zot:4    | Noticed Vv
 69908 | Zot:3    | Killed Vv
 69983 | Zot:4    | Acquired 734 gold pieces
 71039 | Zot:4    | Identified the +1 hat of Baldness {rElec}
 71086 | Zot:5    | Entered Level 5 of the Realm of Zot
 71764 | Zot:5    | Noticed an orb of fire
 71764 | Zot:5    | Noticed a dread lich
 71764 | Zot:5    | Noticed an orb of fire
 71766 | Zot:5    | Noticed an orb of fire
 71768 | Zot:5    | Noticed a dread lich
 71769 | Zot:5    | Noticed an orb of fire
 71769 | Zot:5    | Noticed an orb of fire
 71772 | Zot:5    | Noticed an orb of fire
 71773 | Zot:5    | Gained mutation: You sometimes lose your temper in combat.
                  | [an orb of fire]
 72016 | Zot:4    | Lost mutation: You are clumsy. (Dex -2) [potion of
                  | mutation]
 72016 | Zot:4    | Lost mutation: You sometimes lose your temper in combat.
                  | [potion of mutation]
 72016 | Zot:4    | Lost mutation: Your spells are a little easier to cast, but
                  | a little less powerful. [potion of mutation]
 72016 | Zot:4    | Gained mutation: You are clumsy. (Dex -2) [potion of
                  | mutation]
 72736 | D:4      | Fell from the grace of Okawaru
 72736 | D:4      | Became a worshipper of the Shining One
 73007 | Crypt:1  | Entered Level 1 of the Crypt
 73251 | Crypt:1  | Found an ancient bone altar of Kikubaaqudgha.
 73481 | Crypt:1  | Reached *** piety under the Shining One
 73939 | Crypt:2  | Reached **** piety under the Shining One
 74438 | Crypt:2  | Reached ***** piety under the Shining One
 74899 | Crypt:3  | Entered Level 3 of the Crypt
 75998 | Crypt:3  | Reached skill level 27 in Invocations
 76000 | Crypt:3  | Found a staircase to the Tomb.
 76086 | Crypt:3  | Noticed a dread lich
 76101 | Crypt:3  | Killed a dread lich
 76145 | Crypt:3  | Got the Verses on Interference and Shapes
 76149 | Crypt:3  | Identified the +0 ring mail of Somewhere Else {rPois
                  | Regen+}
 76152 | Crypt:3  | Identified the +1 spear of a wizard's laboratory {freeze,
                  | rC++ rN+ Int-3}
 76154 | Crypt:3  | Identified the +0 leather armour "Icsy" {Rampage rN+ rCorr
                  | Slay-5}
 76244 | Tomb:1   | Entered Level 1 of the Tomb of the Ancients
 76345 | Tomb:1   | Reached ****** piety under the Shining One
 76346 | Tomb:1   | Identified a +9 eudemon blade of holy wrath (a +9 demon
                  | blade of flaming blessed by the Shining One)
 76346 | Tomb:1   | Received a gift from the Shining One
 76818 | Depths:2 | Got the Textbook on Dislocated Anathema
 77487 | Pan      | Entered Pandemonium
 77659 | Pan      | Found a runed translucent door.
 77681 | Pan      | Noticed Zofog the pandemonium lord
 77682 | Pan      | Found a runed translucent door.
 77690 | Pan      | Found a runed translucent door.
 77789 | Pan      | Entered the realm of Mnoleg.
 77802 | Pan      | Gained mutation: Armour fits poorly on your strangely
                  | shaped body. [a cacodemon]
 77814 | Pan      | Gained mutation: You are robust. (+10% HP) [a neqoxec]
 77836 | Pan      | Found an exit through the horrors of the Abyss.
 77974 | Pan      | Noticed Mnoleg
 77999 | Pan      | Killed Mnoleg
 77999 | Pan      | Gained mutation: Your body sometimes deteriorates upon
                  | taking damage. [a cacodemon]
 78022 | Pan      | Got a glowing rune of Zot
 78200 | Pan      | Lost mutation: You are robust. (+10% HP) [a neqoxec]
 78378 | Pan      | Learned a level 4 spell: Manifold Assault
 78510 | Pan      | Noticed Woidillo the pandemonium lord
 78518 | Pan      | Reached skill level 1 in Translocations
 78527 | Pan      | Killed Woidillo the pandemonium lord
 78564 | Depths:2 | Escaped Pandemonium
 78863 | Vaults:2 | Bought a book of Lightning for 544 gold pieces
 78867 | Vaults:2 | Learned a level 3 spell: Vhi's Electric Charge
 79118 | Pan      | Entered Pandemonium
 79371 | Pan      | Acquired 1354 gold pieces
 79558 | Pan      | Reached skill level 5 in Translocations
 79595 | Pan      | Noticed Eniy the pandemonium lord
 79602 | Pan      | Killed Eniy the pandemonium lord
 79647 | Pan      | Entered the realm of Cerebov.
 79988 | Pan      | Identified the +2 sling of Prudence {elec, Contam +Blink
                  | Dex+6}
 80222 | Pan      | Found the +6 sword of Cerebov {flame}
 80222 | Pan      | Noticed Cerebov
 80426 | Pan      | Was forgiven by Okawaru
 80560 | Pan      | Killed Cerebov
 80590 | Pan      | Got a fiery rune of Zot
 80847 | Pan      | Reached skill level 10 in Translocations
 80873 | Pan      | Noticed Xeklusau the pandemonium lord
 80874 | Pan      | Gained mutation: You occasionally lose the ability to read
                  | scrolls when taking damage. [a neqoxec]
 80884 | Pan      | Killed Xeklusau the pandemonium lord
 80895 | Depths:2 | Escaped Pandemonium
 80896 | Depths:2 | Lost mutation: You occasionally lose the ability to read
                  | scrolls when taking damage. [potion of mutation]
 80896 | Depths:2 | Lost mutation: You are clumsy. (Dex -2) [potion of
                  | mutation]
 80896 | Depths:2 | Lost mutation: Your body sometimes deteriorates upon taking
                  | damage. [potion of mutation]
 80896 | Depths:2 | Gained mutation: You passively map a small area around you.
                  | [potion of mutation]
 80896 | Depths:2 | Gained mutation: You possess an exceptional clarity of
                  | mind. [potion of mutation]
 80896 | Depths:2 | Gained mutation: You are somewhat resistant to further
                  | mutation. [potion of mutation]
 80943 | Pan      | Entered Pandemonium
 81172 | Pan      | Entered the realm of Gloorx Vloq.
 81561 | Pan      | Noticed Gloorx Vloq
 81573 | Pan      | Killed Gloorx Vloq
 81604 | Pan      | Got a dark rune of Zot
 81734 | Pan      | Identified the +1 short sword "Puimem" {distort, rC- rN+
                  | Will+ rCorr}
 81855 | Pan      | Found an exit through the horrors of the Abyss.
 81971 | Pan      | Noticed Niusyetseu the pandemonium lord
 82007 | Pan      | Killed Niusyetseu the pandemonium lord
 82342 | Pan      | Reached skill level 15 in Translocations
 82409 | Pan      | Found an exit through the horrors of the Abyss.
 82512 | Pan      | Gained mutation: You are frail. (-10% HP) [a cacodemon]
 82571 | Pan      | Identified the ring of Morality {rElec MP+9}
 82862 | Pan      | Noticed Qeniops the pandemonium lord
 82873 | Pan      | Killed Qeniops the pandemonium lord
 83459 | Pan      | Got a demonic rune of Zot
 83707 | Pan      | Found an exit through the horrors of the Abyss.
 83976 | Pan      | Entered the realm of Lom Lobon.
 83983 | Pan      | Lost mutation: You possess an exceptional clarity of mind.
                  | [potion of mutation]
 83983 | Pan      | Lost mutation: Armour fits poorly on your strangely shaped
                  | body. [potion of mutation]
 83983 | Pan      | Lost mutation: You passively map a small area around you.
                  | [potion of mutation]
 83983 | Pan      | Lost mutation: You are somewhat resistant to further
                  | mutation. [potion of mutation]
 83983 | Pan      | Gained mutation: You have a pair of small horns on your
                  | head. [potion of mutation]
 83984 | Pan      | Lost mutation: You have a pair of small horns on your head.
                  | [potion of mutation]
 83984 | Pan      | Lost mutation: You are frail. (-10% HP) [potion of
                  | mutation]
 83984 | Pan      | Gained mutation: Your body sometimes deteriorates upon
                  | taking damage. [potion of mutation]
 83984 | Pan      | Gained mutation: Your flesh is cold resistant. (rC+)
                  | [potion of mutation]
 83984 | Pan      | Gained mutation: You expend magic power (3 MP) to
                  | strengthen your wands. [potion of mutation]
 84099 | Pan      | Found an exit through the horrors of the Abyss.
 84694 | Pan      | Noticed Lom Lobon
 85241 | Pan      | Got a magical rune of Zot
 85328 | Pan      | Took an exit into the Abyss.
 85328 | Abyss:2  | Escaped into the Abyss
 85369 | Abyss:3  | Found a corrupted altar of Lugonu.
 85539 | Abyss:4  | Found a corrupted altar of Lugonu.
 85678 | Abyss:4  | Found a shimmering altar of Xom.
 85680 | Abyss:4  | Found a shimmering altar of Xom.
 85680 | Abyss:4  | Found a shimmering altar of Xom.
 85690 | Abyss:4  | Found a shimmering altar of Xom.
 85691 | Abyss:4  | Found a corrupted altar of Lugonu.
 85691 | Abyss:4  | Found a shimmering altar of Xom.
 85691 | Abyss:4  | Found a shimmering altar of Xom.
 85691 | Abyss:4  | Found a shimmering altar of Xom.
 85696 | Abyss:4  | Found a shimmering altar of Xom.
 85696 | Abyss:4  | Found a shimmering altar of Xom.
 85698 | Abyss:4  | Found a shimmering altar of Xom.
 85698 | Abyss:4  | Found a shimmering altar of Xom.
 85698 | Abyss:4  | Found a shimmering altar of Xom.
 85701 | Abyss:4  | Found a shimmering altar of Xom.
 85754 | Abyss:4  | Gained mutation: You are clumsy. (Dex -2) [a shining eye]
 85770 | Abyss:4  | Got an abyssal rune of Zot
 85791 | Abyss:4  | Found a shimmering altar of Xom.
 85791 | Abyss:4  | Found a shimmering altar of Xom.
 85796 | Abyss:4  | Found a shimmering altar of Xom.
 85797 | Abyss:4  | Found a corrupted altar of Lugonu.
 85797 | Abyss:4  | Found a shimmering altar of Xom.
 85798 | Abyss:4  | Found a shimmering altar of Xom.
 85799 | Abyss:4  | Found a shimmering altar of Xom.
 85806 | Abyss:4  | Found a shimmering altar of Xom.
 85806 | Abyss:4  | Found a shimmering altar of Xom.
 85820 | Depths:2 | Escaped the Abyss
 86221 | Slime:1  | Entered Level 1 of the Pits of Slime
 86246 | Slime:2  | Noticed Dissolution
 86254 | Slime:2  | Killed Dissolution
 86742 | Slime:5  | Entered Level 5 of the Pits of Slime
 87060 | Slime:5  | Reached skill level 27 in Fighting
 87122 | Slime:5  | Reached skill level 27 in Armour
 87192 | Slime:5  | Noticed the Royal Jelly
 87322 | Slime:4  | You are sucked into a shaft and drop 1 floor!
 87346 | Slime:5  | Found a viscous altar of Jiyva.
 87496 | Slime:5  | Killed the Royal Jelly
 87577 | Slime:5  | Identified the +7 scimitar of the Tomato {drain, rElec
                  | Will- Str+4}
 87579 | Slime:5  | Got a slimy rune of Zot
 87759 | Slime:5  | Identified the +9 shadow dragon scales of the Endless
                  | Expanse {Str+3 SInv Stlth++++}
 88104 | Hell     | Entered the Vestibule of Hell
 88104 | Hell     | Noticed Geryon
 88194 | Hell     | Killed Geryon
 88904 | Hell     | Found a gateway to the freezing wastes of Cocytus.
 89276 | Hell     | Found a gateway to the Iron City of Dis.
 89431 | Hell     | Found a gateway to the ashen valley of Gehenna.
 89699 | Hell     | Found a gateway to the decaying netherworld of Tartarus.
 90410 | Hell     | Lost mutation: You are clumsy. (Dex -2) [potion of
                  | mutation]
 90410 | Hell     | Lost mutation: You expend magic power (3 MP) to strengthen
                  | your wands. [potion of mutation]
 90410 | Hell     | Gained mutation: You are agile. (Dex +4, Str/Int -1)
                  | [potion of mutation]
 90456 | Tar:1    | Entered Level 1 of Tartarus
 90529 | Tar:1    | Noticed a dread lich
 90535 | Tar:1    | Killed a dread lich
 90689 | Tar:3    | You are sucked into a shaft and drop 1 floor!
 90734 | Tar:4    | Reached skill level 10 in Evocations
 91172 | Tar:7    | Entered Level 7 of Tartarus
 91359 | Tar:7    | Noticed a dread lich
 91372 | Tar:7    | Killed a dread lich
 91384 | Tar:7    | Noticed an ancient lich
 91388 | Tar:7    | Killed an ancient lich
 91435 | Tar:7    | Noticed Ereshkigal
 91450 | Tar:7    | Identified the +6 tower shield of Ypsohosm {-Tele Regen+
                  | Str+5}
 91452 | Tar:7    | Killed Ereshkigal
 91649 | Tar:7    | Got a bone rune of Zot
 91806 | Geh:1    | Entered Level 1 of Gehenna
 93376 | Geh:7    | Entered Level 7 of Gehenna
 93521 | Geh:7    | Reached skill level 27 in Shields
 93602 | Geh:7    | Noticed the Serpent of Hell
 93622 | Geh:7    | Killed the Serpent of Hell
 94074 | Geh:7    | Identified the ring "Zeryi" {*Corrode rElec rPois rN+++
                  | EV+5}
 94086 | Geh:7    | Identified the +0 pair of boots of Forking Paths {Rampage
                  | rC- Int+2}
 94093 | Geh:7    | Identified the staff of earth "Ralyafumm" {Will++ MP+9
                  | Int+3 Dex-5}
 94094 | Geh:7    | Identified the +8 morningstar of Luxury {flame, rCorr Str+4
                  | SInv}
 94327 | Geh:7    | Found the +13 sceptre of Asmodeus
 94327 | Geh:7    | Noticed Asmodeus
 94356 | Geh:7    | Killed Asmodeus
 94583 | Geh:7    | Got an obsidian rune of Zot
 94764 | Coc:1    | Entered Level 1 of Cocytus
 94935 | Coc:3    | Paralysed by a wendigo for 1 turns
 94947 | Coc:3    | Paralysed by a wendigo for 1 turns
 95625 | Coc:7    | Entered Level 7 of Cocytus
 95700 | Coc:7    | Reached skill level 1 in Air Magic
 95962 | Coc:7    | Reached skill level 5 in Air Magic
 96131 | Coc:7    | Paralysed by a wendigo for 1 turns
 96217 | Coc:7    | Noticed Antaeus
 96248 | Coc:7    | Killed Antaeus
 96266 | Coc:7    | Got an icy rune of Zot
 96337 | Coc:7    | Identified the +6 short sword "Sirchir" {holy, rF+ rCorr}
 97016 | Tomb:1   | Noticed a royal mummy
 97043 | Tomb:1   | Noticed a royal mummy
 97053 | Tomb:1   | Noticed a royal mummy
 97054 | Tomb:1   | Killed a royal mummy
 97064 | Tomb:1   | Killed a royal mummy
 97167 | Tomb:1   | Noticed a royal mummy
 97174 | Tomb:1   | Killed a royal mummy
 97184 | Tomb:1   | Noticed a royal mummy
 97188 | Tomb:1   | Noticed a royal mummy
 97196 | Tomb:1   | Killed a royal mummy
 97201 | Tomb:1   | Killed a royal mummy
 97430 | Tomb:1   | Noticed a royal mummy
 97432 | Tomb:1   | Noticed a royal mummy
 97436 | Tomb:1   | Noticed a royal mummy
 97440 | Tomb:1   | Killed a royal mummy
 97440 | Tomb:1   | Killed a royal mummy
 97450 | Tomb:1   | Killed a royal mummy
 97451 | Tomb:1   | Reached skill level 10 in Air Magic
 97459 | Tomb:1   | Noticed a royal mummy
 97461 | Tomb:1   | Noticed a royal mummy
 97468 | Tomb:1   | Killed a royal mummy
 97472 | Tomb:1   | Killed a royal mummy
 97673 | Tomb:1   | Noticed a royal mummy
 97673 | Tomb:1   | Noticed a royal mummy
 97678 | Tomb:1   | Killed a royal mummy
 97678 | Tomb:1   | Killed a royal mummy
 97680 | Tomb:1   | Noticed a royal mummy
 97688 | Tomb:1   | Killed a royal mummy
 97750 | Tomb:1   | Noticed a royal mummy
 97795 | Tomb:1   | Killed a royal mummy
 97905 | Tomb:1   | Noticed a royal mummy
 97906 | Tomb:1   | Noticed a royal mummy
 97906 | Tomb:1   | Noticed a royal mummy
 97908 | Tomb:1   | Noticed a royal mummy
 97915 | Tomb:1   | Killed a royal mummy
 97915 | Tomb:1   | Killed a royal mummy
 97922 | Tomb:1   | Killed a royal mummy
 97928 | Tomb:1   | Killed a royal mummy
 98312 | Tomb:3   | Entered Level 3 of the Tomb of the Ancients
 98335 | Tomb:3   | Noticed a royal mummy
 98335 | Tomb:3   | Noticed a royal mummy
 98339 | Tomb:3   | Killed a royal mummy
 98339 | Tomb:3   | Noticed a royal mummy
 98349 | Tomb:3   | Killed a royal mummy
 98351 | Tomb:3   | Noticed a royal mummy
 98358 | Tomb:3   | Killed a royal mummy
 98358 | Tomb:3   | Noticed a royal mummy
 98364 | Tomb:3   | Killed a royal mummy
 98365 | Tomb:3   | Noticed a royal mummy
 98366 | Tomb:3   | Gained mutation: You occasionally shout uncontrollably at
                  | your foes. [mutagenic glow]
 98367 | Tomb:3   | Noticed a royal mummy
 98369 | Tomb:3   | Killed a royal mummy
 98371 | Tomb:3   | Noticed a royal mummy
 98371 | Tomb:3   | Noticed a royal mummy
 98374 | Tomb:3   | Killed a royal mummy
 98377 | Tomb:3   | Killed a royal mummy
 98378 | Tomb:3   | Killed a royal mummy
 98378 | Tomb:3   | Killed a royal mummy
 98611 | Tomb:3   | Identified the ring "Xenigiem" {rF- Will+ rCorr Int-3
                  | Dex+6}
 98628 | Tomb:3   | Identified the +5 flail of the Unkillable {speed, Fly rCorr
                  | Dex+4}
 98630 | Tomb:3   | Identified the -1 pair of boots of Caruuwn {rElec Will++
                  | Regen+ Int-5 Stlth+}
 98632 | Tomb:3   | Identified the scarf of the Pleiades {shadows, rElec Will-
                  | Str+5}
 98637 | Tomb:3   | Identified the staff of death "Othaw" {rN+ Int+3}
 98640 | Tomb:3   | Identified the staff of poison "Bypt" {rPois Dex+3}
 98672 | Tomb:3   | Identified the +9 plate armour "Nasoty" {rElec rPois Dex+3}
 98796 | Tomb:3   | Identified the ring "Xugipoc" {rPois rF++ rN+ Str-4 Int+6}
 98934 | Tomb:3   | Identified the +0 chain mail "Banaibi" {Str+5 Slay-6}
 98962 | Tomb:3   | Got a golden rune of Zot
 99080 | Tomb:1   | Noticed a royal mummy
 99090 | Tomb:1   | Killed a royal mummy
 99102 | Tomb:1   | Noticed a royal mummy
 99112 | Tomb:1   | Killed a royal mummy
 99113 | Tomb:1   | Reached skill level 15 in Dodging
 99120 | Tomb:1   | Killed a royal mummy
 99616 | Dis:1    | Entered Level 1 of the Iron City of Dis
100364 | Dis:7    | Entered Level 7 of the Iron City of Dis
100440 | Dis:7    | Noticed a juggernaut
100450 | Dis:7    | Noticed a dread lich
100455 | Dis:7    | Killed a juggernaut
100477 | Dis:7    | Killed a dread lich
100701 | Dis:7    | Noticed a juggernaut
100734 | Dis:7    | Killed a juggernaut
101095 | Dis:7    | Noticed Dispater
101098 | Dis:7    | Noticed a juggernaut
101112 | Dis:7    | Killed a juggernaut
101134 | Dis:7    | Killed Dispater
101190 | Dis:7    | Found the +11 Singing Sword {sonic wave}
101191 | Dis:7    | Got an iron rune of Zot
101195 | Dis:7    | Identified the ring "Eqyasm" {rC+ Str-4 Int+5 Dex+4 SInv}
101535 | Zot:5    | Noticed an ancient lich
101550 | Zot:5    | Killed an ancient lich
101670 | Zot:5    | Gained mutation: You occasionally lose the ability to read
                  | scrolls when taking damage. [an orb of fire]
101671 | Zot:5    | Gained mutation: You are weak. (Str -2) [an orb of fire]
101676 | Zot:5    | Killed an orb of fire
101677 | Zot:5    | Lost mutation: Your flesh is cold resistant. (rC+) [potion
                  | of mutation]
101677 | Zot:5    | Lost mutation: You are weak. (Str -2) [potion of mutation]
101677 | Zot:5    | Gained mutation: You occasionally lose the ability to drink
                  | potions when taking damage. [potion of mutation]
101677 | Zot:5    | Gained mutation: Your natural rate of healing is unusually
                  | fast. [potion of mutation]
101683 | Zot:5    | Lost mutation: You occasionally lose the ability to drink
                  | potions when taking damage. [potion of mutation]
101683 | Zot:5    | Lost mutation: You occasionally lose the ability to read
                  | scrolls when taking damage. [potion of mutation]
101683 | Zot:5    | Gained mutation: You are weak. (Str -2) [potion of
                  | mutation]
102008 | Zot:5    | Noticed a dread lich
102019 | Zot:5    | Killed a dread lich
102023 | Zot:5    | Killed an orb of fire
102023 | Zot:5    | Noticed an ancient lich
102026 | Zot:5    | Killed an orb of fire
102033 | Zot:5    | Gained mutation: You frequently scream uncontrollably at
                  | your foes. [an orb of fire]
102035 | Zot:5    | Killed an ancient lich
102035 | Zot:5    | Killed an orb of fire
102129 | Zot:5    | Learned a level 4 spell: Passage of Golubria
102148 | Zot:5    | Gained mutation: Armour fits poorly on your strangely
                  | shaped body. [an orb of fire]
102165 | Zot:5    | Killed an orb of fire
102173 | Zot:5    | Gained mutation: Your body often deteriorates upon taking
                  | damage. [an orb of fire]
102182 | Zot:5    | Lost mutation: You are agile. (Dex +4, Str/Int -1) [an orb
                  | of fire]
102184 | Zot:5    | Gained mutation: You are dopey. (Int -2) [an orb of fire]
102196 | Zot:5    | Killed an orb of fire
102642 | Zot:5    | Got the Orb of Zot
102697 | Zot:5    | Lost mutation: You are dopey. (Int -2) [potion of mutation]
102697 | Zot:5    | Lost mutation: Your body often deteriorates upon taking
                  | damage. [potion of mutation]
102697 | Zot:5    | Gained mutation: You are covered in fur. (AC +1) [potion of
                  | mutation]
102698 | Zot:5    | Lost mutation: Your body sometimes deteriorates upon taking
                  | damage. [potion of mutation]
102698 | Zot:5    | Lost mutation: You are covered in fur. (AC +1) [potion of
                  | mutation]
102698 | Zot:5    | Gained mutation: Your body sometimes deteriorates upon
                  | taking damage. [potion of mutation]
102698 | Zot:5    | Gained mutation: Your magical capacity is low. (-10% MP)
                  | [potion of mutation]
102698 | Zot:5    | Gained mutation: You have a pair of small antennae on your
                  | head. [potion of mutation]
102717 | Zot:4    | Lost mutation: Your natural rate of healing is unusually
                  | fast. [potion of mutation]
102717 | Zot:4    | Lost mutation: You frequently scream uncontrollably at your
                  | foes. [potion of mutation]
102717 | Zot:4    | Gained mutation: You possess an exceptional clarity of
                  | mind. [potion of mutation]
102717 | Zot:4    | Gained mutation: You have sharp toenails. [potion of
                  | mutation]
102717 | Zot:4    | Lost mutation: Your body sometimes deteriorates upon taking
                  | damage. [potion of mutation]
102718 | Zot:4    | Lost mutation: Your magical capacity is low. (-10% MP)
                  | [potion of mutation]
102718 | Zot:4    | Lost mutation: You have a pair of small antennae on your
                  | head. [potion of mutation]
102724 | Zot:4    | Lost mutation: You are weak. (Str -2) [potion of mutation]
102724 | Zot:4    | Lost mutation: You possess an exceptional clarity of mind.
                  | [potion of mutation]
102724 | Zot:4    | Lost mutation: You have sharp toenails. [potion of
                  | mutation]
102724 | Zot:4    | Gained mutation: You have supernaturally acute eyesight.
                  | (SInv) [potion of mutation]
102724 | Zot:4    | Gained mutation: You are weak. (Str -2) [potion of
                  | mutation]
102725 | Zot:4    | Lost mutation: You occasionally shout uncontrollably at
                  | your foes. [potion of mutation]
102725 | Zot:4    | Lost mutation: You have supernaturally acute eyesight.
                  | (SInv) [potion of mutation]
102725 | Zot:4    | Gained mutation: You are somewhat resistant to further
                  | mutation. [potion of mutation]
102726 | Zot:4    | Lost mutation: Armour fits poorly on your strangely shaped
                  | body. [potion of mutation]
102726 | Zot:4    | Lost mutation: You are weak. (Str -2) [potion of mutation]
102726 | Zot:4    | Gained mutation: You expend magic power (3 MP) to
                  | strengthen your wands. [potion of mutation]
102784 | Zot:4    | Noticed Rutradoshy the pandemonium lord
102800 | Zot:3    | Killed Rutradoshy the pandemonium lord
103413 | D:$      | Escaped with the Orb!

Illustrated notes

Levels and vault maps discovered:
D:1:      evilmike_arrival_rings, layout_basic
D:2:      layout_rooms, hellmonk_ecumenical_altar_crossroads, uniq_robin,
          uniq_jessica
D:3:      layout_rooms, serial_park_tiny_pond, kennysheep_generic_room_9
D:4:      layout_rooms, lemuel_round_altar, amcnicky_altar_gilded,
          nicolae_ossuary_entry_giza
D:5:      layout_rooms, minmay_temple_entry_sparse_star, uniq_sigmund,
          uniq_crazy_yiuf_cottage
D:6:      layout_rooms, grunt_qazlal_sundering, old_standard_altar,
          nicolae_hexahallways, chequers_serial_rivers_large_a
D:7:      wander_river, layout_loops_ring, overflow_temple_1_default,
          kennysheep_another_room
D:8:      lemuel_bear_cage, layout_basic, chequers_temple_overflow_minitemple,
          uniq_grum
D:9:      layout_irregular_city, serial_shops, shop
D:10:     layout_long_grid, doesnt_xom_only_xom
D:11:     layout_basic, david_lair_generic, uniq_erolcha
D:12:     layout_basic, david_orc_3, minmay_fractal_squares_gapless_7
D:13:     layout_rooms, david_vaults_3, serial_shops, nicolae_diamond_shop,
          gammafunk_ghost_hive
D:14:     layout_irregular_city, serial_bayou_pond_e, uniq_agnes
D:15:     hangedman_depths_entry_try_elsewhere_first, layout_loops_cross,
          glass_columns_b, wad_floor_pattern_untrapped
Temple:   nicolae_temple_bog_church
Lair:1:   layout_roguey
Lair:2:   layout_chaotic_city, nicolae_swamp_entry_splash_gauntlet,
          enter_volcano_4, nicolae_quartered_pool_super, uniq_erica
Lair:3:   layout_cave_pods, nicolae_spider_entry_non_spiders,
          chequers_serial_rivers_small_b, nicolae_lair_run_with_the_wolves
Lair:4:   layout_regular_city, minmay_slime_entry_oklob_open,
          minmay_lair_drake_nest, lemuel_fruit_tree, grunt_megastairs_2
Lair:5:   grunt_lair_end_beastmaster, layout_regular_city, grunt_megastairs_1
Swamp:1:  layout_basic_swamp, hangedman_swamp_ruin_wall
Swamp:2:  layout_basic_swamp, evilmike_swamp_ruin_house_4, swamp_pool1,
          uniq_roxanne
Swamp:3:  layout_falls_marsh, hangedman_swamp_blocks, uniq_bai_suzhen
Swamp:4:  byrel_swamp_growth_death_and_undeath, layout_basic_swamp
Spider:1: layout_spider_delve
Spider:2: gammafunk_sealed_arena, hangedman_spider_tarantella_strand
Spider:3: layout_spider_delve, uniq_mara, uniq_mlioglotl, uniq_nikola,
          uniq_azrael
Spider:4: grunt_spider_rune_circles
Slime:1:  cheibrodos_slime_lost_civilization_10, layout_caves
Slime:2:  layout_caves, dissolution_awaits
Slime:3:  layout_caves
Slime:4:  layout_caves
Slime:5
Orc:1:    layout_caves, uniq_sonja, uniq_snorg
Orc:2:    grunt_orc_community_town_hall, layout_diamond_mine,
          grunt_orc_community_big_house_1, grunt_orc_community_big_house_1,
          grunt_orc_community_house_1, grunt_orc_community_house_3,
          grunt_orc_community_house_1, grunt_orc_community_house_1,
          grunt_orc_community_house_1, grunt_orc_community_house_1
Elf:1:    layout_onion_city, orc_legates, nicolae_shop_i_like_big_books,
          uniq_frances
Elf:2:    nicolae_elf_blades_splatter_lattice
          [nicolae_blade_entry_diamond_columns], layout_rooms, hex_tiny,
          nicolae_elf_vaults_five_recruitment_drive
Elf:3:    minmay_elf_hall_hex, layout_rooms, minmay_checkered_concentric_circles
Vaults:1: nicolae_vaults_variable_pillar_hall, v_pattern_2,
          vaults_room_semicircle, vaults_room_octagon,
          ontoclasm_vaults_claustrophobia, vaults_room_hallway,
          grunt_vaults_hallway_short, nicolae_vaults_alarming,
          layout_vaults_omnigrid
Vaults:2: portal_desolation_entry_ruin, ontoclasm_vaults_loading_screen,
          vaults_room_door_ring, vaults_dpeg_diagonal,
          nicolae_vaults_sightless_eye, nicolae_vaults_you_can_take_it_with_you,
          nicolae_vaults_trapezoid_4, nicolae_vaults_twisting_passages,
          ontoclasm_vaults_ring_square, nicolae_vaults_bisected_inception,
          nicolae_vaults_house_1, hangedman_vaults_slice,
          nicolae_vaults_oval_intersection, vaults_mumra_chevron,
          nicolae_vaults_closet_pinwheel_1, layout_vaults_omnibox, serial_shops,
          nicolae_shop_statue_plus
Vaults:3: hellmonk_ghost_big_iron, vaults_dpeg_doors, grunt_vaults_swirl,
          minmay_crypt_entry_necro_gods, nicolae_vaults_network_star,
          grunt_vaults_hallway_short, nicolae_vaults_taking_the_gang_shopping,
          hangedman_vaults_slice, v_misc_13, v_misc_25, v_misc_14,
          dpeg_vaults_monster_box, layout_vaults_ring
Vaults:4: ontoclasm_vaults_ring_large, hangedman_vaults_stagger,
          hangedman_vaults_nails, ontoclasm_vaults_shuriken,
          nicolae_vaults_network_quincunx
          [nicolae_vaults_network_quincunx_subvault,
          nicolae_vaults_network_quincunx_subvault,
          nicolae_vaults_network_quincunx_subvault,
          nicolae_vaults_network_quincunx_subvault,
          nicolae_vaults_network_quincunx_subvault], hangedman_vaults_stream,
          nicolae_vaults_weapon_check, hangedman_vaults_impose,
          ontoclasm_vaults_spin, layout_vaults_chaotic_city, serial_shops,
          nicolae_shop_overgrown_old_shop, uniq_zenata
Vaults:5: serial_shops
Crypt:1:  layout_chaotic_city, lemuel_mausoleum_altar_kikubaaqudgha,
          grunt_crypt_arrival_split
Crypt:2:  layout_gridlike, amcnicky_mini_corridor_feature, st_stairs_2,
          serial_sigils_hangedman_carve
Crypt:3:  david_glass_crypt, layout_chaotic_city,
          nicolae_tomb_entry_grand_gallery, grunt_megastairs_4
Tomb:1
Tomb:2
Tomb:3
Depths:1: nicolae_hitomezashi [nicolae_hito_row, nicolae_hito_row,
          nicolae_hito_row, nicolae_hito_row, nicolae_hito_row,
          nicolae_hito_row, nicolae_hito_row, nicolae_hito_row,
          nicolae_hito_row, nicolae_hito_row, nicolae_hito_row,
          nicolae_hito_row, nicolae_hito_row, nicolae_hito_row,
          nicolae_hito_row, nicolae_hito_row, nicolae_hito_row,
          nicolae_hito_row], layout_gridville, hell_entry, abyss_entry,
          kennysheep_decorative_pillar
Depths:2: gammafunk_the_bubble [the_bubble_gammafunk_roulette],
          layout_small_grid, hell_entry, ebering_ghost_xom,
          rand_demon_pan_entry_1, mu_enter_wizlab_1, kennysheep_donut,
          nemelex_lonely_heart_becter, uniq_josephina
Depths:3: minmay_thinvault, layout_honeycomb, nicolae_elevator_lobby_plus,
          serial_shops, nicolae_shop_waterfront,
          nicolae_hell_entry_hellmouth_sunbeams, abyss_entry,
          minmay_misc_feat_chi, minmay_the_grid_2x2
          [minmay_the_grid_outer_diamond, minmay_the_grid_small_cups,
          minmay_the_grid_stretched_grid, minmay_the_grid_prize_big_room],
          infiniplex_staircase_x, minmay_shop_grove, uniq_sojobo
Depths:4: evilmike_zot_entry_round, layout_cave_pools, enter_ziggurat_a,
          serial_shops, shop, pan_entry, minmay_room_of_horrors, hell_entry,
          nicolae_gozag_seed_capital, uniq_margery, uniq_parghit
Hell
Dis:1:    layout_regular_city
Dis:2:    layout_gridville
Dis:3:    layout_subdivisions
Dis:4:    layout_gridville
Dis:5:    layout_subdivisions
Dis:6:    layout_jigsaw
Dis:7:    dis_grunt_layers
Geh:1:    layout_gehenna_lava_caves
Geh:2:    layout_gehenna_pools_box, minmay_fire_ice_demons
Geh:3:    layout_gehenna_pools_triple
Geh:4:    layout_gehenna_lava_caves
Geh:5:    layout_gehenna_lava_caves, nicolae_geh_lava_in_the_way
Geh:6:    layout_gehenna_pools_box, nicolae_geh_amphitheater
Geh:7:    evilmike_geh
Coc:1:    layout_cocytus_delve
Coc:2:    layout_cocytus_delve
Coc:3:    layout_ice_bergs
Coc:4:    layout_cocytus_delve
Coc:5:    layout_ice_bergs
Coc:6:    layout_cocytus_water_paths, nicolae_coc_statues_of_limitations
Coc:7:    coc_grunt
Tar:1:    nicolae_tar_honey_stairs, layout_cathedral_of_symmetry
Tar:2:    nicolae_hells_demon_pit, layout_cathedral_of_symmetry
Tar:3:    layout_honeycomb
Tar:4:    layout_grid_maze, nicolae_tar_cuneiform_heaven
Tar:5:    layout_grid_maze
Tar:6:    nicolae_tar_fifth_circle, layout_cathedral_of_symmetry
Tar:7:    tar_grunt_cathedral
Zot:1:    lemuel_acid_trip, layout_onion_interference
Zot:2:    grunt_twist_and_shout, layout_concentric_octagons
Zot:3:    layout_onion_interference, grunt_ministairs_7
Zot:4:    layout_basic, drop_trap, uniq_vv
Zot:5:    layout_misc_corridors

Skill      XL: |  1  2  3  4  5  6  7  8  9 10 11 12 13 14 15 16 17 18 19 20 21 22 23 24 25 26 27 |
---------------+----------------------------------------------------------------------------------+-----
Fighting       | 1 2 3 4 5 6 8 9 10 12 13 15 16 19 20 21 22 24 25 27 | 27.0
Shields        | 1 3 5 11 12 13 14 15 27 | 27.0
Evocations     | 3 5 6 7 8 14 | 14.0
Invocations    | 6 8 10 12 14 15 16 18 20 22 27 | 27.0
Long Blades    | 3 8 12 13 14 15 17 18 19 | 19.9
Armour         | 5 10 14 15 17 19 20 21 22 24 25 27 | 27.0
Dodging        | 5 10 21 | 21.7
Translocations | 20 | 20.0
Air Magic      | 10 | 10.0
Short Blades   | |  0.8
Stealth        | |  3.2
Spellcasting   | |  2.0
Hexes          | |  2.6

Action                     |  1- 3 |  4- 6 |  7- 9 | 10-12 | 13-15 | 16-18 | 19-21 | 22-24 | 25-27 || total
---------------------------+-------+-------+-------+-------+-------+-------+-------+-------+-------++-------
  Melee: Dagger            |   160 |    83 |       |       |       |       |       |       |       ||   243
         Trident           |       |   110 |   243 |       |       |       |       |       |       ||   353
         Short sword       |       |    13 |       |       |       |       |       |       |       ||    13
         Great sword       |       |       |    48 |   288 |       |       |       |       |       ||   336
         Scimitar          |       |       |       |   273 |  1590 |  1428 |       |       |       ||  3291
         Demon blade       |       |       |       |       |       |   350 |  2110 |  2327 |  2568 ||  7355
         Eudemon blade     |       |       |       |       |       |       |       |       |  4703 ||  4703
         Double sword      |       |       |       |       |       |       |       |       |   883 ||   883
  Throw: Dart              |       |     1 |     3 |     7 |       |       |       |       |       ||    11
   Cast: Ensorcelled Hiber |     1 |       |       |       |       |       |       |       |       ||     1
         Manifold Assault  |       |       |       |       |       |       |       |       |   219 ||   219
         Vhi's Electric Ch |       |       |       |       |       |       |       |       |     8 ||     8
         Passage of Golubr |       |       |       |       |       |       |       |       |     2 ||     2
         Apportation       |       |       |       |       |       |       |       |       |     1 ||     1
 Invoke: Vitalisation      |       |     1 |       |       |       |       |       |       |       ||     1
         Recite            |       |     2 |       |       |       |       |       |       |       ||     2
         Divine Shield     |       |       |     1 |       |       |       |       |       |    99 ||   100
         Heroism           |       |       |       |    13 |     9 |    18 |    15 |    18 |    15 ||    88
         Finesse           |       |       |       |     3 |     6 |    10 |     4 |    10 |    11 ||    44
         Duel              |       |       |       |       |       |       |     1 |     2 |       ||     3
         Cleansing Flame   |       |       |       |       |       |       |       |       |   346 ||   346
         Summon Divine War |       |       |       |       |       |       |       |       |    29 ||    29
         Brand Weapon With |       |       |       |       |       |       |       |       |     1 ||     1
  Evoke: Wand              |       |       |     7 |     1 |     6 |     2 |     2 |     4 |    20 ||    42
         Phial of floods   |       |       |       |       |       |     2 |     1 |     1 |     1 ||     5
         Condenser vane    |       |       |       |       |       |       |       |     1 |       ||     1
         Phantom mirror    |       |       |       |       |       |       |       |       |     3 ||     3
    Use: Potion            |     1 |       |       |     6 |       |     4 |     4 |     8 |    42 ||    65
         Scroll            |       |       |     6 |     7 |    17 |    11 |     2 |    16 |    31 ||    90
   Stab: Sleeping          |     5 |     6 |       |     2 |    16 |       |       |       |       ||    29
         Invisible         |     1 |       |       |       |       |       |     3 |     1 |       ||     5
         Distracted        |     1 |       |       |       |     1 |       |       |       |     1 ||     3
         Confused          |       |       |       |       |       |       |       |       |     1 ||     1
 Armour: Robe              |    66 |    41 |       |       |       |       |       |       |       ||   107
         Plate armour      |       |    39 |   218 |   241 |       |       |       |       |       ||   498
         Ring mail         |       |       |       |     6 |       |       |       |       |       ||     6
         Scale mail        |       |       |       |    78 |   302 |       |       |       |       ||   380
         Crystal plate arm |       |       |       |       |   289 |  1346 |   856 |   971 |  3947 ||  7409
         Skin              |       |       |       |       |       |       |       |       |   103 ||   103
  Dodge: Dodged            |    70 |    48 |    46 |   117 |   220 |   248 |   323 |   391 |  1155 ||  2618
  Block: Kite shield       |    15 |   124 |   215 |   179 |  1218 |  1897 |  1621 |  1548 |  4075 || 10892
         Reflection        |       |     2 |     8 |     3 |    22 |    21 |       |       |       ||    56
         Other             |       |       |    13 |    78 |       |       |       |       |       ||    91
         Tower shield      |       |       |       |       |       |       |       |       |  3867 ||  3867
